 Dungeon Crawl Stone Soup version 0.32-a0-870-g877066f (webtiles) character file.

Game seed: 72464653933603706

23550820 Tanach the Luminary of Lethal Lore (level 27, 173/173 (237) HPs)
             Began as a Human Fire Elementalist on Mar 29, 2024.
             Was the Champion of Vehumet.
             Escaped with the Orb
             ... and 15 runes
             ... and 4 gems!
             The game lasted 03:58:35 (65310 turns).

Tanach the Luminary of Lethal Lore (HuFE)          Turns: 65310, Time: 03:58:36

HP:   173/173 (237) AC: 24    Str: 11 (12) XL:     27
MP:   44/53         EV: 25    Int: 36 (39) God:    Vehumet [******]
Gold: 7291          SH: 10    Dex: 18 (20) Spells: 20/79 levels left

rFire   + + +        J - staff "Duacasti" {rElec rF+ Int+3 Conj Hexes Tloc}
rCold   + + .        T - +0 buckler "Ycwoocicw" {Regen+ Dex+4}
rNeg    . . .        l - +3 troll leather armour
rPois   +            Y - +2 helmet of Pulyn {Will+ Regen+}
rElec   +            D - +2 cloak {rPois}
rCorr   .            g - +0 pair of gloves of Wu Jian's Regard {rElec Str+3}
SInv    +            v - +2 pair of boots
Will    +++..        f - amulet "Toddex" {Fly rC+ Will- RegenMP+ Int+3}
Stlth   +            x - ring of the Voracious Banana {rF+ rC+ Will+ Int+6}
HPRegen 2.88/turn    F - ring of Caffu {rElec rF+ rC+ SInv Stlth-}
MPRegen 0.73/turn

%: random rage (3%)
@: flying, studying 4 skills, very heavily drained
A: explore regen, iridescent scales 1, berserk 1, deterioration 1, cold
vulnerability 1, sturdy frame 1, persistent drain
0: Orb of Zot
}: 15/15 runes: serpentine, barnacled, slimy, silver, golden, iron, obsidian,
icy, bone, abyssal, demonic, glowing, magical, fiery, dark
a: Renounce Religion


You escaped.
You worshipped Vehumet.
Vehumet was exalted by your worship.
You visited 18 branches of the dungeon, and saw 88 of its levels.
You visited Pandemonium 1 time, and saw 19 of its levels.
You visited the Abyss 2 times.
You completed 1 ziggurat, and saw 27 of its levels.
You also visited: Trove, Ossuary, Bailey, Gauntlet, Ice Cave and Volcano.

You collected 12935 gold pieces.
You spent 5644 gold pieces at shops.

Inventory:

Missiles
 y - 12 curare-tipped darts {!f}
 Z - 13 throwing nets {!f}
Armour
 g - the +0 pair of gloves of Wu Jian's Regard (worn) {rElec Str+3}
   (You found it on level 3 of the Crypt)

   Str+3:     It affects your strength (+3).
   rElec:     It insulates you from electricity.
 l - a +3 troll leather armour (worn)
 p - the +4 robe of Folly {Brill Will-∞ Int+8}
   (You found it on level 17 of a ziggurat)

   Brill:     It increases the power of your magical spells and halves their MP
   cost (rounding up).
   Will-∞: It reduces your willpower to zero.
   Int+8:     It affects your intelligence (+8).
 v - a +2 pair of boots (worn)
 D - a +2 cloak of poison resistance (worn)
 T - the +0 buckler "Ycwoocicw" (worn) {Regen+ Dex+4}
   (You acquired it on level 2 of the Orcish Mines)

   Dex+4:     It affects your dexterity (+4).
   Regen+:    It increases your rate of health regeneration.
 Y - the +2 helmet of Pulyn (worn) {Will+ Regen+}
   (You found it in a volcano)

   Will+:     It increases your willpower.
   Regen+:    It increases your rate of health regeneration.
Magical Staves
 n - a staff of earth
 J - the staff "Duacasti" (weapon) {rElec rF+ Int+3 Conj Hexes Tloc}
   (You found it on level 16 of a ziggurat)

   [staff of conjuration]

   Base accuracy: +5 Base damage: 5 Base attack delay: 1.2 This weapon's minimum
   attack delay (0.6) is reached at skill level 12.
   Int+3:     It affects your intelligence (+3).
   rF+:       It protects you from fire.
   rElec:     It insulates you from electricity.
   Conj:      It increases the power of your Conjurations spells.
   Hexes:     It increases the power of your Hexes spells.
   Tloc:      It increases the power of your Translocations spells.
   It falls into the 'Staves' category.
   It is a one-handed weapon.
 R - the staff "Memyomih" {rElec rC+ SInv Ice}
   (You found it on level 5 of the Vaults)

   [staff of cold]

   Base accuracy: +5 Base damage: 5 Base attack delay: 1.2 This weapon's minimum
   attack delay (0.6) is reached at skill level 12.
   rC+:       It protects you from cold.
   rElec:     It insulates you from electricity.
   SInv:      It lets you see invisible.
   Ice:       It increases the power of your Ice spells.
   It falls into the 'Staves' category.
   It is a one-handed weapon.
Jewellery
 a - the ring of the Special Thickets {rCorr Int+6 Slay+2}
   (You found it on level 1 of the Crypt)

   [ring of intelligence]

   Int+6:     It affects your intelligence (+6).
   Slay+2:    It affects your accuracy & damage with ranged weapons and melee
   (+2).
   rCorr:     It protects you from acid and corrosion.
 f - the amulet "Toddex" (around neck) {Fly rC+ Will- RegenMP+ Int+3}
   (You took it off an orc on level 5 of the Vaults)

   [amulet of magic regeneration]

   It increases your rate of magic regeneration.
   Int+3:     It affects your intelligence (+3).
   rC+:       It protects you from cold.
   Will-:     It decreases your willpower.
   Fly:       It grants you flight.
   RegenMP+:  It increases your rate of magic regeneration.
 m - the amulet of Ytiyhui {rN+++ RegenMP+ Str+3 Int-5}
   (You found it in a treasure trove)

   [amulet of magic regeneration]

   It increases your rate of magic regeneration.
   Str+3:     It affects your strength (+3).
   Int-5:     It affects your intelligence (-5).
   rN+++:     It renders you almost immune to negative energy.
   RegenMP+:  It increases your rate of magic regeneration.
 r - the ring of Qoduni {rPois rF+ rN+ Str+6 Dex+3}
   (You found it on level 5 of a ziggurat)

   [ring of strength]

   Str+6:     It affects your strength (+6).
   Dex+3:     It affects your dexterity (+3).
   rF+:       It protects you from fire.
   rPois:     It protects you from poison.
   rN+:       It protects you from negative energy.
 t - the ring "Bieg Ose" {rPois rC++ rN+ Will- Str+2}
   (You found it on level 22 of a ziggurat)

   [ring of positive energy]

   Str+2:     It affects your strength (+2).
   rC++:      It greatly protects you from cold.
   rPois:     It protects you from poison.
   rN+:       It protects you from negative energy.
   Will-:     It decreases your willpower.
 x - the ring of the Voracious Banana (left hand) {rF+ rC+ Will+ Int+6}
   (You acquired it in a bailey)

   [ring of intelligence]

   Int+6:     It affects your intelligence (+6).
   rF+:       It protects you from fire.
   rC+:       It protects you from cold.
   Will+:     It increases your willpower.
 F - the ring of Caffu (right hand) {rElec rF+ rC+ SInv Stlth-}
   (You found it on level 25 of a ziggurat)

   [ring of see invisible]

   rF+:       It protects you from fire.
   rC+:       It protects you from cold.
   rElec:     It insulates you from electricity.
   SInv:      It lets you see invisible.
   Stlth-:    It makes you less stealthy.
 O - the ring of Gauf {^Contam rPois rF++ Will+++ Dex+6}
   (You found it on level 13 of a ziggurat)

   [ring of dexterity]

   Dex+6:     It affects your dexterity (+6).
   rF++:      It greatly protects you from fire.
   rPois:     It protects you from poison.
   Will+++:   It greatly increases your willpower.
   ^Contam:   It causes magical contamination when unequipped.
Talismans
 X - the death talisman of Somewhere Else {Str+2 Int+2 Dex-2}
   (You found it on level 5 of the Pits of Slime)

   [talisman of death]

   Str+2:     It affects your strength (+2).
   Int+2:     It affects your intelligence (+2).
   Dex-2:     It affects your dexterity (-2).
Wands
 h - a wand of warping (74)
 w - a wand of polymorph (11)
 I - a wand of digging (46)
Scrolls
 i - 15 scrolls of blinking
 k - 11 scrolls of fear
 q - 20 scrolls of enchant armour
 u - 44 scrolls of teleportation
 B - 19 scrolls of fog
 G - 10 scrolls of revelation
 K - 9 scrolls of silence
 L - 3 scrolls of butterflies
 N - 14 scrolls of amnesia
 Q - 9 scrolls of torment
 V - 22 scrolls of vulnerability
 W - 10 scrolls of immolation
Potions
 b - 4 potions of magic
 c - 3 potions of brilliance
 d - 13 potions of attraction
 e - 2 potions of resistance
 j - 12 potions of heal wounds
 o - 3 potions of haste
 s - 9 potions of ambrosia
 A - 34 potions of curing
 C - 10 potions of cancellation
 E - 28 potions of mutation
 H - 12 potions of enlightenment
 P - a potion of experience
 S - 11 potions of lignification
 U - 3 potions of invisibility
Miscellaneous
 z - a +1 figurine of a ziggurat
 M - a phantom mirror


   Skills:
 + Level 23.8 Fighting
 - Level 2.0 Long Blades
 - Level 2.0 Staves
 - Level 2.0 Throwing
 - Level 21.0 Armour
 - Level 21.0 Dodging
 - Level 5.0 Stealth
 - Level 21.0 Shields
 + Level 26.7 Spellcasting
 - Level 22.0 Conjurations
 - Level 5.0 Hexes
 - Level 11.0 Necromancy
 - Level 21.0 Fire Magic
 - Level 21.0 Ice Magic
 - Level 11.0 Air Magic
 - Level 22.2 Earth Magic
 - Level 2.0 Alchemy
 O Level 27 Invocations
 - Level 5.0 Evocations


You had 20 spell levels left.
You knew the following spells:

 Your Spells              Type           Power      Damage    Failure   Level
a - Foxfire               Conj/Fire      100%       2x1d9     0%          1
b - Scorch                Fire           100%       2d9       0%          2
c - Inner Flame           Hex/Fire       100%       N/A       0%          3
d - Flame Wave            Conj/Fire      100%       2d21      0%          4
e - Mephitic Cloud        Conj/Alch/Air  100%       N/A       0%          3
f - Arcjolt               Conj/Air       64%        1d74      0%          5
g - Bombard               Conj/Erth      71%        9d11      0%          6
h - Permafrost Eruption   Ice/Erth       58%        2x4d16    0%          6
i - Shatter               Erth           59%        3d44*     1%          9
j - Sublimation of Blood  Necr           91%        N/A       0%          2
k - Fire Storm            Conj/Fire      70%        8d18      1%          9
l - Polar Vortex          Ice            58%        12d7*     2%          9

Your spell library contained the following spells:

 Spells                   Type           Power      Damage    Failure   Level
 Ignition                 Fire           57%        3d16      1%          8
 Freeze                   Ice            100%       1d10      0%          1
 Magic Dart               Conj           100%       1d8       0%          1
 Necrotise                Necr           100%       1d9       0%          1
 Sandblast                Erth           100%       2d20      0%          1
 Shock                    Conj/Air       100%       1d9       0%          1
 Sting                    Conj/Alch      100%       1d9       0%          1
 Ensorcelled Hibernation  Hex/Ice        100%       N/A       0%          2
 Momentum Strike          Conj/Tloc      100%       3d10      0%          2
 Searing Ray              Conj           100%       2d8       0%          2
 Static Discharge         Conj/Air       100%       3-8/arc   0%          2
 Dazzling Flash           Conj/Hex       100%       N/A       0%          3
 Frozen Ramparts          Ice            100%       1d16      0%          3
 Fugue of the Fallen      Necr           91%        N/A       0%          3
 Hailstorm                Conj/Ice       100%       3d16      0%          3
 Ozocubu's Armour         Ice            100%       N/A       0%          3
 Passwall                 Erth           100%       N/A       0%          3
 Stone Arrow              Conj/Erth      100%       3d13      0%          3
 Swiftness                Air            91%        N/A       0%          3
 Vampiric Draining        Necr           91%        2d12      0%          3
 Volatile Blastmotes      Fire/Tloc      100%       2d18      0%          3
 Brom's Barrelling Bould  Conj/Erth      100%       2d11      0%          4
 Borgnjor's Vile Clutch   Necr/Erth      53%        N/A       0%          5
 Freezing Cloud           Conj/Ice/Air   66%        6-21      0%          5
 Iskenderun's Battlesphe  Conj           100%       2d15      0%          5
 Lee's Rapid Deconstruct  Erth           59%        3d27*     0%          5
 Starburst                Conj/Fire      70%        6d18      0%          6
 Apportation              Tloc           100%       N/A       1%          1
 Summon Small Mammal      Summ           100%       N/A       1%          1
 Blink                    Tloc           100%       N/A       1%          2
 Call Imp                 Summ           96%        N/A       1%          2
 Cigotuvi's Dreadful Rot  Necr/Alch/Air  100%       N/A       1%          2
 Jinxbite                 Hex            100%       N/A       1%          2
 Lesser Beckoning         Tloc           100%       N/A       1%          2
 Mercury Vapours          Alch/Air       100%       N/A       1%          2
 Call Canine Familiar     Summ           48%        N/A       1%          3
 Confusing Touch          Hex            90%        N/A       1%          3
 Sigil of Binding         Hex            90%        N/A       1%          3
 Summon Ice Beast         Ice/Summ       89%        N/A       1%          3
 Teleport Other           Tloc           64%        N/A       1%          3
 Tukima's Dance           Hex            90%        N/A       1%          3
 Airstrike                Air            45%        2d(7-23)  1%          4
 Anguish                  Hex/Necr       51%        N/A       1%          4
 Animate Armour           Summ/Erth      100%       N/A       1%          4
 Animate Dead             Necr           91%        N/A       1%          4
 Cause Fear               Hex            45%        N/A       1%          4
 Dimensional Bullseye     Hex/Tloc       49%        N/A       1%          4
 Dispel Undead            Necr           91%        3d29      1%          4
 Fulminant Prism          Conj/Alch      58%        3d24      1%          4
 Ignite Poison            Fire/Alch      92%        N/A       1%          4
 Iskenderun's Mystic Bla  Conj/Tloc      100%       2d19      (+2d11%     4
 Leda's Liquefaction      Alch/Erth      47%        N/A       1%          4
 Martyr's Knell           Necr/Summ      73%        N/A       1%          4
 Olgreb's Toxic Radiance  Alch           58%        N/A       1%          4
 Petrify                  Alch/Erth      94%        N/A       1%          4
 Sticky Flame             Fire/Alch      92%        2d14      1%          4
 Summon Blazeheart Golem  Fire/Summ      89%        N/A       1%          4
 Summon Lightning Spire   Summ/Air       73%        N/A       1%          4
 Vhi's Electric Charge    Tloc/Air       100%       N/A       1%          4
 Curse of Agony           Necr           91%        N/A       1%          5
 Irradiate                Conj/Alch      58%        3d31      1%          5
 Metabolic Englaciation   Hex/Ice        59%        N/A       1%          5
 Silence                  Hex/Air        51%        N/A       1%          5
 Yara's Violent Unravell  Hex/Alch       41%        3d16      1%          5
 Conjure Ball Lightning   Conj/Air       64%        3x3d23    1%          6
 Death Channel            Necr           45%        N/A       1%          6
 Plasma Beam              Fire/Air       52%        2x1d67    1%          6
 Sculpt Simulacrum        Ice/Alch       46%        N/A       1%          6
 Orb of Destruction       Conj           71%        9d16      1%          7
 Ozocubu's Refrigeration  Ice            58%        4d20      1%          7
 Spellforged Servitor     Conj/Summ      56%        N/A       1%          7
 Lehudib's Crystal Spear  Conj/Erth      71%        10d16     1%          8
 Maxwell's Portable Pile  Tloc           64%        2d(15-29) 4%          4
 Passage of Golubria      Tloc           64%        N/A       4%          4
 Summon Mana Viper        Hex/Summ       78%        N/A       4%          5
 Alistair's Intoxication  Alch           38%        N/A       5%          5
 Eringya's Noxious Bog    Alch           29%        4d6       9%          6
 Maxwell's Capacitive Co  Air            45%        ∞         9%          8
 Summon Forest            Summ/Tloc      32%        N/A       13%         5
 Chain Lightning          Conj/Air       64%        3d86      14%         9
 Borgnjor's Revivificati  Necr           45%        N/A       32%         8
 Infestation              Necr           45%        N/A       32%         8
 Haunt                    Necr/Summ      36%        N/A       38%         7
 Enfeeble                 Hex            45%        N/A       45%         7
 Dispersal                Tloc           32%        N/A       56%         6
 Gell's Gavotte           Tloc           32%        2d(25-38) 56%         6
 Summon Cactus Giant      Summ           24%        N/A       56%         6
 Malign Gateway           Summ/Tloc      32%        N/A       98%         7
 Manifold Assault         Tloc           32%        N/A       98%         7
 Monstrous Menagerie      Summ           24%        N/A       98%         7
 Summon Hydra             Summ           24%        N/A       98%         7
 Discord                  Hex            45%        N/A       98%         8
 Death's Door             Necr           45%        N/A       99%         9
 Disjunction              Tloc           32%        N/A       100%        8
 Summon Horrible Things   Summ           24%        N/A       100%        8


Dungeon Overview and Level Annotations

Branches:
Dungeon (15/15)            Temple (1/1) D:4            Lair (5/5) D:8
 Shoals (4/4) Lair:3        Snake (4/4) Lair:3        Slime (5/5) Lair:5
    Orc (2/2) D:10            Elf (3/3) Orc:2        Vaults (5/5) D:13
  Crypt (3/3) Vaults:3       Tomb (3/3) Crypt:3      Depths (4/4) D:15
   Hell (visited)             Dis (7/7) Hell            Geh (7/7) Hell
    Coc (7/7) Hell            Tar (7/7) Hell            Zot (5/5) Depths:4
Ossuary (visited)          Bailey (visited)           IceCv (visited)
Volcano (visited)         Gauntlet (visited)

Altars:
Ashenzari
Cheibriados
Dithmenos
Elyvilon
Fedhas
Gozag
Hepliaklqana
Kikubaaqudgha
Makhleb
Nemelex Xobeh
Okawaru
Qazlal
Ru
Sif Muna
Trog
Uskayaw
Vehumet
Wu Jian
Xom
Yredelemnul
Zin
The Shining One
Beogh

Shops:
D:2 *   D:8 *   D:9 *   D:13 [   Orc:1 *(   Orc:2 [(**   Elf:2 =   Shoals:3 *
Snake:3 =   Snake:4 ?   Vaults:3 **:(=   Vaults:4 [   Vaults:5 [[!   Zot:3 *

Portals:
Hell: Depths:1 Depths:2 Depths:3* Depths:4
Abyss: Depths:3 Depths:4
Pandemonium: Depths:1 Depths:2 Depths:3

Annotations:
D:2 exclusion: downstairs
D:7 exclusion: upstairs
D:8 exclusions: 3 doors and 1 more exclusion
D:11 exclusion: 2 downstairs
D:12 1 runed translucent door, exclusion: downstairs, Azrael; Gucwul's ghost, journeyman MiFi
D:13 exclusion: 2 downstairs
D:14 exclusion: downstairs
Lair:1 exclusion: 2 downstairs
Lair:3 exclusion: molten gargoyle
Lair:4 2 transporters, exclusion: downstairs, Etuodos's ghost, journeyman GrFi
Lair:5 exclusion: 2 oklob plants
Snake:1 exclusion: downstairs
Vaults:4 exclusion: downstairs
Crypt:2 1 runed translucent door, Kucw's ghost, adept GrFi
Zot:3 3 runed translucent doors, Kaonimui's ghost, master DjHW


Innate Abilities, Weirdness & Mutations

You regain HP and MP as you explore.
You are partially covered in iridescent scales. (AC +2)
You sometimes lose your temper in combat.
Your body sometimes deteriorates upon taking damage.
You are vulnerable to cold. (rC-)
Your movements are slightly less encumbered by armour. (ER -2)
Your health recovers twice as slowly from being drained.


Message History

The demonspawn blood saint is almost dead.
The blizzard demon is moderately wounded.
A door shatters!
Ka-crash!
The demonspawn blood saint calls on the powers of chaos!
The blizzard demon seems to speed up.
Casting: Shatter (dangerous; 1% risk of failure)
Confirm with . or Enter, or press ? or * to list all spells.
The dungeon rumbles!
You kill the demonspawn blood saint!
Vehumet accepts your kill.
The blizzard demon is heavily wounded.
Ka-crash!
The blizzard demon gestures at you. The bolt of cold misses you.
Casting: Shatter (dangerous; 1% risk of failure)
Confirm with . or Enter, or press ? or * to list all spells.
The dungeon rumbles!
The blizzard demon is almost dead.
Ka-crash!
The blizzard demon hits you but does no damage.
The blizzard demon misses you.
Casting: Shatter (dangerous; 1% risk of failure)
Confirm with . or Enter, or press ? or * to list all spells.
Aiming: Fire Storm (dangerous; 1% risk of failure)
Press: ? - help, Dir - move target You feel a surge of power!
A raging storm of fire appears!
The great blast of fire engulfs the blizzard demon!!!!
The blizzard demon is burned terribly!
You kill the blizzard demon!
Vehumet accepts your kill.
You feel your power returning.
You feel your dexterity returning.
Okay, then.
Okay, then.
Okay, then.
Unknown command.
There is a staircase leading out of the dungeon here.
You have escaped!

#.....##.#.##.......#.#..
#.................#.#.#.#
#.........#.(............
######....#..##.......#.###
#######.....(..#.#....###.....###
..............#...#.............>
######.#.#####.....#####..##.###.
#.#..#...........#...##.# #.
#.....#....@....#..#....# #.
##....#.........#..###### #.
##..#...........#..# #.
#.#####.....#####.# #.
########......#...#....÷.# #.
......#######..#.#..###### #.
.........# ##..#..## #.
.........# #....## #. .........##
#.#### #.


There were no monsters in sight!

Vanquished Creatures
  Cerebov (Pan)
  Asmodeus (Geh:7)
  the Royal Jelly (Slime:5)
  Mnoleg (Pan)
  Gloorx Vloq (Pan)
  the Serpent of Hell (Dis:7)
  11 dread liches
  Dispater (Dis:7)
  12 ancient liches
  6 orbs of fire
  Mennas (Vaults:4)
  Xtahua (Vaults:3)
  3 juggernauts (Dis:7)
  Vv (Depths:4)
  The ghost of Ulecsuczon the Impregnable, a veteran MiGl of Hepliaklqana (Crypt:1)
  4 Killer Klowns
  32 royal mummies
  12 pandemonium lords
  Parghit (Zot:1)
  10 shard shrikes
  Boris (Tomb:3)
  5 curse toes
  Geryon (Hell)
  14 caustic shrikes
  Nikola (Snake:1)
  10 golden dragons
  the Enchantress (Depths:4)
  9 bone dragons
  Jory (Depths:4)
  4 profane servitors
  A shard shrike zombie (Crypt:1)
  12 electric golems
  Norris (Depths:3)
  24 Brimstone Fiends
  7 doom hounds
  10 iron giants
  5 Tzitzimimeh
  11 hellephants
  2 spectral shard shrikes (Tar:5)
  26 tentacled monstrosities
  22 Hell Sentinels
  Mlioglotl (Snake:2)
  Rupert (D:15)
  18 Ice Fiends
  14 tainted leviathans
  23 titans
  Grunn (Depths:3)
  5 deep elf blademasters
  25 Orb Guardians (Zot:5)
  9 liches
  15 searing wretches
  11 deep elf master archers
  A walking frostbound tome (Zig:15)
  9 quicksilver dragons
  23 acid blobs
  18 sphinxes
  43 ancient champions
  19 Executioners (Pan)
  8 shadow dragons
  A kraken (Shoals:4)
  10 death cobs
  4 tentacled starspawn (Abyss:3)
  Polyphemus (Shoals:3)
  9 tengu reavers
  9 revenants
  18 storm dragons
  Aizul (Snake:2)
  Ilsuiw (Shoals:3)
  7 demonspawn warmongers (Pan)
  15 frost giants
  5 draconian monks
  17 rockslimes
  18 azure jellies
  10 protean progenitors
  6 fenstrider witches
  Roxanne (Snake:2)
  9 draconian knights
  30 balrugs
  7 narguns
  4 draconian shifters
  4 deep elf sorcerers
  31 nagarajas
  10 quicksilver elementals
  15 fire giants
  37 ghost moths
  7 iron dragons
  2 spectral juggernauts
  Louise (Snake:3)
  4 deep elf elementalists
  11 shard shrike simulacra
  20 vault wardens
  4 caustic shrike zombies
  9 draconian scorchers
  3 spriggan defenders (Depths:4)
  15 ironbound preservers
  4 spectral caustic shrikes
  9 curse skulls
  A juggernaut zombie (Tomb:3)
  5 demonspawn corrupters (Pan)
  4 orc warlords
  2 draconian stormcallers
  An azure jelly (shapeshifter) (Zig:19)
  5 demonspawn blood saints
  35 reapers
  8 emperor scorpions
  12 cacodemons
  13 very ugly things
  8 draconian annihilators
  8 formless jellyfish
  3 caustic shrike skeletons
  3 broodmothers (Zig:22)
  2 juggernaut skeletons (Pan)
  11 ironbound thunderhulks
  16 vampire knights
  16 stone giants
  19 deep elf annihilators
  13 quicksilver oozes
  5 putrid mouths
  9 green draconians
  3 eleionomae
  26 elemental wellsprings
  5 lorocyprocas
  16 deep elf death magi
  4 starflowers (Abyss:3)
  5 red draconians
  32 war gargoyles
  9 black draconians
  9 spark wasps
  12 deep elf demonologists
  9 white draconians
  6 starcursed masses
  18 wendigos
  4 yellow draconians
  8 dire elephants
  3 bunyips
  4 demonspawn black suns (Pan)
  10 bennus
  13 purple draconians
  A minotaur (Gauntlet)
  15 blizzard demons
  22 eidola
  7 merfolk javelineers
  A quicksilver dragon zombie (Crypt:2)
  25 iron golems
  8 ettins
  5 fire dragons
  Josephine (Lair:4)
  9 merfolk impalers
  6 green deaths
  15 entropy weavers
  8 jiangshi
  23 mummy priests
  3 crystal guardians
  6 deep elf high priests
  A fenstrider witch zombie (Crypt:3)
  2 spriggan zombies (Crypt:3)
  2 spectral spriggans
  9 hydras
  39 vault guards
  27 yaktaur captains
  14 great orbs of eyes
  2 quicksilver dragon skeletons (Crypt:1)
  4 rakshasas
  2 ogre magi
  3 hell beasts
  3 peacekeepers
  5 juggernaut simulacra
  15 caustic shrike simulacra
  12 ice dragons
  29 salamander tyrants
  7 jorogumos
  5 catoblepae
  7 radroaches
  22 centaur warriors
  10 spriggan air magi
  5 spriggan skeletons
  An alligator (Zig:3)
  8 ironbound frosthearts
  4 merfolk avatars
  7 stokers
  24 dancing weapons
  3 death knights
  9 merfolk aquamancers
  A spectral stone giant (Tar:1)
  2 satyrs
  10 death yaks
  7 anacondas
  58 death scarabs
  7 boulder beetles
  An anaconda (shapeshifter) (Vaults:5)
  6 two-headed ogres
  5 deep troll shamans
  27 hell hogs
  A fenstrider witch skeleton (Crypt:3)
  2 alligator snapping turtles
  14 demonic crawlers
  4 tengu warriors
  An Orb Guardian skeleton (Crypt:1)
  2 orc high priests
  3 thrashing horrors (Abyss:3)
  7 deep troll earth magi
  9 shock serpents
  10 hell knights
  8 occultists
  A titan zombie (Tomb:1)
  17 vampire magi
  A spectral dire elephant (Tar:1)
  34 sun demons
  18 deep elf knights
  18 naga sharpshooters
  16 naga warriors
  A storm dragon zombie (Crypt:3)
  2 spriggan berserkers (Depths:4)
  22 soul eaters
  10 crystal echidnas
  A hellephant skeleton (Pan)
  6 fire crabs (Zig:16)
  A titan skeleton (Crypt:2)
  21 skeletal warriors
  12 skysharks
  16 shadow wraiths
  14 pharaoh ants
  2 wretched stars (Abyss:3)
  5 salamander mystics
  A skyshark (shapeshifter) (Vaults:5)
  10 sixfirhies
  4 iron trolls
  2 anaconda zombies
  A goliath frog (Zig:4)
  14 glowing orange brains
  A bunyip zombie (Crypt:3)
  39 deep trolls
  14 large abominations
  8 quicksilver dragon simulacra
  8 shadow demons
  5 orb spiders
  A bunyip skeleton (Crypt:2)
  5 sun moths
  6 mana vipers
  A spriggan druid (Zig:23)
  3 swamp dragons
  13 flayed ghosts
  10 spriggan simulacra
  26 phantasmal warriors
  8 orc knights
  15 deep elf archers
  16 ironbound convokers
  A spectral iron dragon (Tar:2)
  28 sea snakes
  3 arcanists
  A golden dragon skeleton (Crypt:1)
  13 lindwurms
  A tengu zombie (Crypt:1)
  5 naga ritualists
  18 necromancers
  An anaconda skeleton (Hell)
  11 steelbarb worms
  32 deep elf zephyrmancers
  A sea snake (shapeshifter) (Vaults:2)
  23 harpies
  5 thermic dynamos
  A wolf spider zombie (Crypt:2)
  A steelbarb worm (shapeshifter) (Zig:12)
  43 deep elf pyromancers
  2 frost giant zombies (Tar:3)
  A stone giant zombie (Crypt:2)
  4 obsidian bats (Orc:2)
  A faun (shapeshifter) (Vaults:2)
  36 ugly things
  3 oklob plants (Abyss:3)
  9 cyclopes
  17 salamanders
  2 orc sorcerers
  6 shining eyes
  6 will-o-the-wisps
  16 wolf spiders
  18 manticores
  An alligator skeleton (Hell)
  7 fire giant zombies
  12 merfolk sirens
  An iron dragon skeleton (Crypt:1)
  A spectral centaur (Tar:1)
  33 moths of wrath
  3 ice statues
  16 elephants
  6 fauns
  A stone giant skeleton (Vaults:4)
  A meliai (shapeshifter) (Vaults:4)
  16 vault sentinels
  3 rust devils
  A worldbinder (Abyss:3)
  A water nymph (shapeshifter) (Zig:12)
  3 kobold blastminers
  3 meliai
  A naga zombie (Crypt:1)
  32 water nymphs
  15 torpor snails
  8 eyes of devastation
  A torpor snail (shapeshifter) (Vaults:5)
  9 guardian serpents
  12 apocalypse crabs
  36 black mambas
  3 storm dragon simulacra
  A moth of wrath (shapeshifter) (Depths:4)
  32 smoke demons
  7 molten gargoyles (Geh:7)
  3 dire elephant zombies (Crypt:3)
  19 naga magi
  6 orange demons (Pan)
  15 centaur skeletons
  2 gargoyles
  9 titan simulacra
  An alligator snapping turtle zombie (Crypt:2)
  17 cane toads
  A red draconian zombie (Crypt:2)
  21 hellions
  2 kobold demonologists
  59 yaktaurs
  An alligator snapping turtle skeleton (Crypt:3)
  11 freezing wraiths
  Maggie (D:10)
  A dire elephant skeleton (Crypt:3)
  An ice devil (Zig:15)
  7 rime drakes
  6 efreet
  7 komodo dragons
  29 tormentors
  7 anaconda simulacra
  2 redback zombies
  2 golden dragon simulacra
  An iron giant simulacrum (Coc:7)
  4 spectral nagas
  4 red devils
  A bunyip simulacrum (Coc:1)
  2 sea snake skeletons
  3 harpy zombies (Crypt:3)
  47 guardian mummies
  5 polar bears
  A merfolk (shapeshifter) (Vaults:3)
  8 trolls
  25 wind drakes
  An ancient zyme (Abyss:3)
  3 spectral harpies (Tar:2)
  19 hellwings
  2 hornets
  34 merfolk
  A death drake skeleton (Crypt:1)
  A bloated husk (Zig:4)
  An ettin zombie (Crypt:3)
  A polar bear (shapeshifter) (D:12)
  9 tarantellas
  2 shadow dragon simulacra
  14 snapping turtles
  Grinder (D:3)
  15 glass eyes
  21 dream sheep
  2 raiju (Zig:20)
  2 stone giant simulacra
  24 blink frogs
  A harpy skeleton (Crypt:3)
  5 iron dragon simulacra
  128 slime creatures
  3 culicivoras
  4 hydra skeletons
  2 spectral black mambas (Tar:1)
  8 fire dragon skeletons
  13 jumping spiders
  3 spriggans
  A black mamba zombie (Tomb:3)
  A vampire (D:15)
  20 air elementals
  3 wyverns
  13 ynoxinuls
  6 dire elephant simulacra
  3 shadows
  2 naga simulacra
  4 basilisks
  3 fire bats (Lair:3)
  37 water elementals
  A black mamba skeleton (Tomb:1)
  2 fire bats (shapeshifter)
  4 steam dragons
  20 ushabtiu
  11 wraiths
  10 neqoxecs (Pan)
  47 yaks
  2 basilisks (shapeshifter)
  9 fire elementals
  2 golden eyes (Zig:18)
  2 sea snake simulacra (Hell)
  7 chaos spawn (Pan)
  8 wargs
  16 redbacks
  Menkaure (D:7)
  A human zombie (Vaults:4)
  17 vampire mosquitoes
  A glowing shapeshifter zombie (Crypt:1)
  17 harpy simulacra
  A swamp worm (shapeshifter) (Zig:19)
  2 hydra simulacra
  A merfolk zombie (Crypt:1)
  3 acid dragons
  55 nagas
  10 hell hounds
  12 water moccasins
  A human simulacrum (Vaults:4)
  41 orc warriors
  A cane toad skeleton (Crypt:2)
  2 hornet zombies (Crypt:2)
  3 swamp drakes (Lair:5)
  A sky beast (shapeshifter) (Elf:3)
  3 sky beasts (D:11)
  5 ettin simulacra
  A swamp dragon zombie (Crypt:1)
  2 ice beasts
  5 small abominations
  23 laughing skulls
  A wolf (shapeshifter) (Zig:19)
  5 ogres
  A lindwurm zombie (Crypt:2)
  7 wolves
  2 boggarts
  9 centaurs
  10 kobold brigands
  A weeping skull (Ossuary)
  15 bullfrogs
  A komodo dragon skeleton (Crypt:2)
  2 scorpions
  A two-headed ogre simulacrum (Tomb:1)
  2 cane toad simulacra
  4 earth elementals
  11 wyvern skeletons (Crypt:3)
  A burial acolyte (Ossuary)
  2 elephant simulacra
  8 howler monkeys
  4 electric eels
  2 bombardier beetles
  7 centaur zombies
  A bullfrog zombie (Crypt:1)
  2 jellies
  2 gnoll boudas (D:4)
  3 hounds
  20 orc priests
  10 iguanas
  3 sleepcaps
  2 hell rats (Lair:5)
  Ijyb (D:3)
  Natasha (thrice) (D:3)
  A black bear skeleton (Crypt:2)
  20 orc wizards
  A boggart skeleton (Crypt:2)
  2 polar bear simulacra
  81 mummies
  Robin (D:3)
  7 gnolls (D:4)
  8 adders
  2 steam dragon skeletons
  2 shadow imps
  3 white imps
  4 ufetubi
  An adder skeleton (Crypt:2)
  A ribbon worm (D:3)
  91 orcs
  5 ball pythons
  7 endoplasms
  3 giant cockroaches
  9 goblins
  7 hobgoblins
  4 jackals (D:3)
  29 kobolds
  4 quokkas
  9 bats
  3 frilled lizards
  4 gnoll zombies (Ossuary)
  2 kobold zombies (Ossuary)
  An orc zombie (Ossuary)
  3 rats
  A river rat skeleton (Crypt:1)
  18 aspiring fleshes
  6 ball lightnings (Pan)
  4 creeping infernos
  350 fire vortices
  2 foxfires
  A tentacle (Shoals:4)
4837 creatures vanquished.

Vanquished Creatures (collateral kills)
  Antaeus (Coc:7)
  Ereshkigal (Tar:7)
  Lom Lobon (Pan)
  A dread lich (Zig:26)
  A royal mummy (Tomb:1)
  A bone dragon (Tar:1)
  A tentacled monstrosity (Zig:23)
  A walking frostbound tome (Zig:15)
  A tainted leviathan (Tar:7)
  A quicksilver dragon (Zig:25)
  An ancient champion (Zig:26)
  2 Executioners (Pan)
  2 nagarajas
  A demonspawn warmonger (Pan)
  2 azure jellies
  An emperor scorpion (Zig:17)
  4 ghost moths
  A reaper (Zig:26)
  An elemental wellspring (Coc:6)
  A deep elf death mage (Zig:26)
  A black draconian (Zig:10)
  A bunyip (Zig:27)
  A merfolk javelineer (Shoals:4)
  A spark wasp (Zig:22)
  An entropy weaver (Zig:17)
  A sea snake (Zig:23)
  An anaconda skeleton (Hell)
  A swamp dragon (Zig:27)
  A shining eye (Zig:21)
  A black mamba (Zig:27)
  A freezing wraith (Hell)
  A spectral harpy (Geh:5)
  4 slime creatures
  2 harpy simulacra
  An aspiring flesh (Pan)
  24 foxfires
69 creatures vanquished.

Vanquished Creatures (others)
  A lich (Pan)
  An eldritch tentacle (Pan)
  A bunyip (Zig:4)
  A juggernaut simulacrum (Coc:7)
  A spriggan simulacrum (Coc:4)
  An apocalypse crab (Zig:19)
  647 fire vortices
  1908 foxfires
  3 tentacles (Shoals:4)
2564 creatures vanquished.

Grand Total: 7470 creatures vanquished

Notes
Turn   | Place    | Note
-------+----------+-------------------------------------------
     0 | D:1      | Tanach the Human Fire Elementalist began the quest for the
                  | Orb.
     0 | D:1      | Reached XP level 1. HP: 13/13 MP: 3/3
   268 | D:1      | Reached XP level 2. HP: 19/19 MP: 0/5
  1010 | D:2      | Reached XP level 3. HP: 24/24 MP: 1/6
  1014 | D:2      | Learned a level 2 spell: Scorch
  1018 | D:2      | Learned a level 3 spell: Inner Flame
  1994 | D:2      | Found Miribb's Assorted Antiques.
  2309 | D:3      | Noticed Robin
  2312 | D:3      | Reached XP level 4. HP: 26/30 MP: 5/8
  2354 | D:3      | Killed Robin
  2368 | D:3      | Noticed Ijyb
  2460 | D:3      | Reached skill level 1 in Hexes
  2464 | D:3      | Killed Ijyb
  2464 | D:3      | HP: 1/30 [spore (28)]
  3149 | D:3      | Noticed Natasha
  3152 | D:3      | Killed Natasha
  3153 | D:3      | Reached XP level 5. HP: 35/35 MP: 4/9
  3220 | D:3      | Noticed Grinder
  3227 | D:3      | Killed Grinder
  3228 | D:3      | Reached skill level 1 in Evocations
  3228 | D:3      | Reached XP level 6. HP: 25/41 MP: 3/11
  3349 | D:3      | Noticed Natasha
  3353 | D:3      | Killed Natasha
  3399 | D:3      | Noticed Natasha
  3405 | D:3      | Killed Natasha
  3803 | D:4      | Found a staircase to the Ecumenical Temple.
  3893 | D:4      | Found a basalt altar of Yredelemnul.
  4066 | D:4      | Reached XP level 7. HP: 46/46 MP: 4/12
  4171 | Temple   | Entered the Ecumenical Temple
  4203 | Temple   | Became a worshipper of Vehumet
  4343 | D:4      | Reached skill level 1 in Throwing
  5040 | D:5      | Entered Level 5 of the Dungeon
  5072 | D:5      | Found a shimmering altar of Xom.
  5097 | D:5      | Reached skill level 5 in Fire Magic
  5117 | D:5      | Reached skill level 1 in Long Blades
  5126 | D:5      | Reached * piety under Vehumet
  5126 | D:5      | Offered knowledge of Sandblast by Vehumet.
  5146 | D:5      | Reached XP level 8. HP: 42/52 MP: 1/14
  5480 | D:5      | Found a sand-covered staircase.
  5488 | Ossuary  | Entered an ossuary
  6491 | D:6      | Noticed a troll
  6497 | D:6      | Killed a troll
  6498 | D:6      | Reached skill level 5 in Spellcasting
  6498 | D:6      | Reached skill level 5 in Conjurations
  6580 | D:6      | Offered knowledge of Searing Ray by Vehumet.
  6994 | D:6      | Reached ** piety under Vehumet
  7034 | D:6      | Reached XP level 9. HP: 57/57 MP: 8/17
  7670 | D:7      | Noticed Menkaure
  7673 | D:7      | Killed Menkaure
  7694 | D:7      | Reached skill level 1 in Fighting
  8091 | D:7      | Found a shimmering blue altar of Sif Muna.
  8591 | D:8      | Found a sacrificial altar of Ru.
  8783 | D:8      | Noticed a kobold demonologist
  8797 | D:8      | Noticed a hellwing
  8797 | D:8      | Killed a kobold demonologist
  8803 | D:8      | Offered knowledge of Stone Arrow by Vehumet.
  8844 | D:8      | Reached XP level 10. HP: 15/67 MP: 8/20
  8915 | D:8      | Found a staircase to the Lair.
  8919 | D:8      | Found a flagged portal.
  8931 | D:8      | Reached *** piety under Vehumet
  8959 | Bailey   | Entered a bailey
  9071 | Bailey   | Learned a level 4 spell: Flame Wave
  9263 | Bailey   | Offered knowledge of Airstrike by Vehumet.
  9419 | Bailey   | Acquired the ring of the Voracious Banana {rF+ rC+ Will+
                  | Int+6}
  9482 | D:8      | Noticed a +0 dagger
  9482 | D:8      | Noticed a +0 spear
  9483 | D:8      | Noticed a +0 dagger
  9484 | D:8      | Noticed a +0 short sword
  9484 | D:8      | Noticed a +0 spear
  9484 | D:8      | Noticed a +0 falchion
  9485 | D:8      | Noticed a +0 short sword
  9486 | D:8      | Found a hide-covered altar of Uskayaw.
  9486 | D:8      | Noticed a +0 falchion
  9570 | D:8      | Found Vethry's Assorted Antiques.
  9632 | D:8      | Bought a scroll of identify for 56 gold pieces
  9632 | D:8      | Bought a short jewelled staff for 336 gold pieces
  9842 | D:9      | Found Noku's Assorted Antiques.
 10022 | D:9      | Reached **** piety under Vehumet
 10027 | D:9      | Paralysed by a hornet for 3 turns
 10162 | D:9      | Offered knowledge of Iskenderun's Mystic Blast by Vehumet.
 10221 | D:9      | Noticed a boulder beetle
 10236 | D:9      | Killed a boulder beetle
 10236 | D:9      | HP: 1/67 [spore (8)]
 10258 | D:9      | Learned a level 3 spell: Mephitic Cloud
 10580 | D:9      | Reached XP level 11. HP: 72/72 MP: 10/23
 10951 | D:10     | Entered Level 10 of the Dungeon
 11014 | D:10     | Noticed a cyclops
 11025 | D:10     | Killed a cyclops
 11269 | D:10     | Noticed Maggie
 11274 | D:10     | Killed Maggie
 11275 | D:10     | Found a snail-covered altar of Cheibriados.
 11391 | D:10     | Found an opulent altar of Gozag.
 11512 | D:10     | Reached skill level 1 in Armour
 11734 | D:10     | Found a staircase to the Orcish Mines.
 11782 | D:11     | Noticed a two-headed ogre
 11799 | D:11     | Killed a two-headed ogre
 11800 | D:11     | Reached skill level 10 in Fire Magic
 11834 | D:11     | Noticed a manticore
 11839 | D:11     | Killed a manticore
 11894 | D:11     | Found a portal to a secret trove of treasure.
 11985 | D:11     | Noticed a two-headed ogre
 11990 | D:11     | Killed a two-headed ogre
 12364 | D:11     | Reached skill level 10 in Conjurations
 12665 | D:11     | Reached skill level 1 in Air Magic
 12665 | D:11     | Reached skill level 1 in Alchemy
 12884 | D:12     | Noticed a cyclops
 12889 | D:12     | Killed a cyclops
 12890 | D:12     | Reached XP level 12. HP: 78/78 MP: 21/25
 12983 | D:12     | Found a runed translucent door.
 12984 | D:12     | Found a shimmering altar of Xom.
 12984 | D:12     | Noticed Gucwul's ghost (journeyman MiFi)
 13106 | D:12     | Reached ***** piety under Vehumet
 13106 | D:12     | Offered knowledge of Arcjolt by Vehumet.
 13178 | D:12     | Found a shimmering blue altar of Sif Muna.
 13379 | D:11     | Learned a level 5 spell: Arcjolt
 13465 | D:12     | Reached skill level 10 in Spellcasting
 13730 | Lair:1   | Entered Level 1 of the Lair of Beasts
 14407 | Lair:1   | Identified the +0 chain mail of the Ecumenical Temple
                  | {Will+ Str+5 Dex+3}
 14572 | Lair:1   | Reached skill level 5 in Stealth
 14854 | Lair:1   | Reached skill level 5 in Air Magic
 15301 | Lair:2   | Reached XP level 13. HP: 78/83 MP: 2/27
 15347 | Lair:2   | Found a frozen archway.
 15356 | Lair:2   | Reached skill level 5 in Hexes
 15413 | IceCv    | Entered an ice cave
 15455 | IceCv    | Found a transporter.
 15466 | IceCv    | Found a transporter.
 16482 | Lair:3   | Found a staircase to the Shoals.
 16725 | Lair:3   | Found a dark tunnel.
 16734 | Volcano  | Entered a volcano
 17341 | Volcano  | Identified the +2 helmet of Pulyn {Will+ Regen+}
 17602 | Lair:3   | Found a staircase to the Snake Pit.
 18169 | Lair:4   | Offered knowledge of Bombard by Vehumet.
 18172 | Lair:4   | Noticed Josephine
 18179 | Lair:4   | Killed Josephine
 18180 | Lair:4   | Reached XP level 14. HP: 94/95 MP: 12/28
 18228 | Lair:4   | Learned a level 6 spell: Bombard
 18268 | Lair:4   | Reached skill level 5 in Dodging
 18309 | Lair:4   | Found a transporter.
 18311 | Lair:4   | Found a transporter.
 18463 | Lair:4   | Reached skill level 1 in Earth Magic
 18553 | Lair:4   | Reached skill level 5 in Fighting
 18553 | Lair:4   | Reached skill level 5 in Armour
 18732 | Lair:4   | Noticed Etuodos's ghost (journeyman GrFi)
 18754 | Lair:4   | Found a bloodstained altar of Trog.
 18945 | Lair:4   | Reached skill level 5 in Evocations
 19441 | Lair:5   | Entered Level 5 of the Lair of Beasts
 19466 | Lair:5   | Reached skill level 10 in Air Magic
 19672 | Lair:5   | Reached skill level 1 in Staves
 19871 | Lair:5   | Reached XP level 15. HP: 82/103 MP: 30/30
 20046 | Lair:5   | Reached skill level 5 in Earth Magic
 20369 | Lair:5   | Learned a level 6 spell: Permafrost Eruption
 20613 | Lair:5   | Found a staircase to the Slime Pits.
 21107 | Orc:1    | Entered Level 1 of the Orcish Mines
 21174 | Orc:1    | Found Zihuejin's Assorted Antiques.
 21184 | Orc:1    | Bought a scroll labelled FIEL ATIBUCLO for 33 gold pieces
 21184 | Orc:1    | Bought a scroll labelled CIURUZ BAYKK for 33 gold pieces
 21184 | Orc:1    | Bought 2 potions of mutation for 528 gold pieces
 21184 | Orc:1    | Bought a ruby potion for 29 gold pieces
 21328 | Orc:1    | Found Guim's Weapon Shoppe.
 21516 | Orc:2    | Entered Level 2 of the Orcish Mines
 21884 | Orc:2    | Found a roughly hewn altar of Beogh.
 21888 | Orc:2    | Found Zipaf's General Store.
 21893 | Orc:2    | Bought a scroll of acquirement for 780 gold pieces
 21894 | Orc:2    | Acquired the +0 buckler "Ycwoocicw" {Regen+ Dex+4}
 21928 | Orc:2    | Found a roughly hewn altar of Beogh.
 21971 | Orc:2    | Found a roughly hewn altar of Beogh.
 22003 | Orc:2    | Noticed an orc warlord
 22009 | Orc:2    | Reached ****** piety under Vehumet
 22014 | Orc:2    | Killed an orc warlord
 22015 | Orc:2    | Reached skill level 1 in Shields
 22015 | Orc:2    | Reached skill level 1 in Ice Magic
 22042 | Orc:2    | Found Fung's Antique Armour Boutique.
 22047 | Orc:2    | Found a roughly hewn altar of Beogh.
 22050 | Orc:2    | Found Hicsial's Antique Weapon Shop.
 22055 | Orc:2    | Bought a smoking robe for 182 gold pieces
 22055 | Orc:2    | Identified the +2 robe "Xememynk" {+Inv} (You bought it in
                  | a shop on level 2 of the Orcish Mines)
 22141 | Orc:2    | Found a roughly hewn altar of Beogh.
 22142 | Orc:2    | Found Ukhees's General Store.
 22153 | Orc:2    | Bought a potion of heal wounds for 75 gold pieces
 22165 | Orc:2    | Found a roughly hewn altar of Beogh.
 22276 | Orc:2    | Found a staircase to the Elven Halls.
 22291 | Orc:2    | Found a roughly hewn altar of Beogh.
 22334 | Orc:2    | Found a roughly hewn altar of Beogh.
 22674 | D:12     | Noticed Azrael
 22845 | D:13     | Offered knowledge of Eringya's Noxious Bog by Vehumet.
 23157 | D:13     | Found Pefeir's Armour Shop.
 23161 | D:13     | Bought a +1 cloak of poison resistance for 175 gold pieces
 23284 | D:13     | Found a gate to the Vaults.
 23471 | D:14     | Found a gate leading to a gauntlet.
 23486 | Gauntlet | Entered a Gauntlet
 23486 | Gauntlet | Found a transporter.
 23498 | Gauntlet | Found a transporter.
 23510 | Gauntlet | Found a transporter.
 23515 | Gauntlet | Found a transporter.
 23530 | Gauntlet | Found a transporter.
 23549 | Gauntlet | Found a transporter.
 23561 | Gauntlet | Found a transporter.
 23580 | Gauntlet | Found a transporter.
 23586 | Gauntlet | Found a transporter.
 23586 | Gauntlet | Found a transporter.
 23603 | Gauntlet | Found a transporter.
 23615 | Gauntlet | Found a transporter.
 23632 | Gauntlet | Found a transporter.
 23649 | Gauntlet | Found a transporter.
 23651 | Gauntlet | Found a transporter.
 23679 | Gauntlet | Found a transporter.
 23679 | Gauntlet | Found a transporter.
 23993 | Gauntlet | Found a transporter.
 24089 | Gauntlet | Identified the amulet "Fem Oshe" {Faith rN+ Will+ MP-9
                  | Dex+4}
 24142 | Gauntlet | Identified the +6 executioner's axe of the Gazing Tiger
                  | {antimagic, Will+}
 24153 | Gauntlet | Got the Opusculum on the Overcast Familiar
 24297 | D:14     | Reached skill level 5 in Shields
 24297 | D:14     | Reached skill level 5 in Ice Magic
 24297 | D:14     | Reached XP level 16. HP: 38/109 MP: 25/31
 24631 | D:14     | Offered knowledge of Spellforged Servitor by Vehumet.
 25258 | D:14     | Reached skill level 10 in Earth Magic
 25438 | D:14     | Identified the orb "Huclisyb" {*channel, Harm Rampage
                  | *Corrode MP+9}
 25551 | D:15     | Entered Level 15 of the Dungeon
 25951 | D:15     | Noticed Rupert
 25954 | D:15     | Killed Rupert
 26128 | D:15     | Found a radiant altar of Vehumet.
 26444 | D:15     | Found a staircase to the Depths.
 26571 | D:15     | Offered knowledge of Conjure Ball Lightning by Vehumet.
 26770 | Elf:1    | Entered Level 1 of the Elven Halls
 27124 | Snake:1  | Entered Level 1 of the Snake Pit
 27279 | Snake:1  | Found a snail-covered altar of Cheibriados.
 27284 | Snake:1  | Reached XP level 17. HP: 115/115 MP: 28/33
 27440 | Snake:1  | Noticed Nikola
 27443 | Snake:1  | Killed Nikola
 27935 | Snake:2  | Found a sparkling altar of Nemelex Xobeh.
 27938 | Snake:2  | Identified the serpent talisman of Ynymis {Dex+6}
 27938 | Snake:2  | Noticed Aizul
 27943 | Snake:2  | Killed Aizul
 28188 | Snake:2  | Identified the granite talisman "Ecelaliz" {rF+ Str+3}
 28188 | Snake:2  | Noticed Roxanne
 28198 | Snake:2  | Killed Roxanne
 28199 | Snake:2  | Reached skill level 10 in Ice Magic
 28229 | Snake:2  | Got the Anthology of the Shivering Cucurbite
 28279 | Snake:2  | Offered knowledge of Ozocubu's Refrigeration by Vehumet.
 28292 | Snake:2  | Noticed Mlioglotl
 28296 | Snake:2  | Killed Mlioglotl
 28578 | Snake:2  | Identified the +5 mace of Iconoclasm {freeze, rF+ Str+3
                  | Stlth-}
 28851 | Snake:3  | Found Ulum's Jewellery Shoppe.
 29032 | Snake:3  | Noticed Louise
 29035 | Snake:3  | Killed Louise
 29426 | Snake:4  | Entered Level 4 of the Snake Pit
 29434 | Snake:4  | Reached XP level 18. HP: 116/121 MP: 9/35
 29473 | Snake:4  | Offered knowledge of Plasma Beam by Vehumet.
 29868 | Snake:4  | Got a serpentine rune of Zot
 29944 | Snake:4  | Found Ruquacac's Magic Scroll Boutique.
 29963 | Snake:4  | Bought a scroll of teleportation for 57 gold pieces
 29963 | Snake:4  | Bought a scroll of teleportation for 57 gold pieces
 29963 | Snake:4  | Bought a scroll of butterflies for 76 gold pieces
 29964 | Snake:4  | Identified the +7 quarterstaff of a Hundred Knaves {speed,
                  | rElec rC+ rCorr Int+4}
 30542 | Shoals:1 | Entered Level 1 of the Shoals
 31396 | Shoals:2 | Offered knowledge of Lehudib's Crystal Spear by Vehumet.
 31396 | Shoals:2 | Offered knowledge of Polar Vortex by Vehumet.
 31396 | Shoals:2 | Offered knowledge of Ignition by Vehumet.
 31676 | Shoals:2 | Reached skill level 15 in Spellcasting
 31913 | Shoals:3 | Noticed Polyphemus
 31916 | Shoals:3 | Killed Polyphemus
 31917 | Shoals:3 | Reached skill level 15 in Earth Magic
 32040 | Shoals:3 | Noticed Ilsuiw
 32042 | Shoals:3 | Killed Ilsuiw
 32266 | Shoals:3 | Found Dibbupugg's Gadget Gallery.
 32297 | Shoals:3 | Bought a phantom mirror for 760 gold pieces
 32344 | Shoals:3 | Reached XP level 19. HP: 126/126 MP: 34/38
 32505 | Shoals:4 | Entered Level 4 of the Shoals
 32695 | Shoals:4 | Paralysed by an air elemental for 1 turns
 32879 | Shoals:4 | Learned a level 9 spell: Shatter
 33011 | Shoals:4 | Paralysed by an air elemental for 1 turns
 33376 | Shoals:4 | Found a stormy altar of Qazlal.
 33462 | Shoals:4 | Found a stormy altar of Qazlal.
 33512 | Shoals:4 | Got a barnacled rune of Zot
 33514 | Shoals:4 | Identified the +4 scimitar "Impbane" {venom, rElec}
 33532 | Shoals:4 | Paralysed by an air elemental for 1 turns
 33536 | Shoals:4 | Paralysed by an air elemental for 1 turns
 34251 | Elf:1    | Paralysed by an air elemental for 1 turns
 34297 | Elf:1    | You fall into a shaft and drop 1 floor!
 34328 | Elf:2    | Found a huge runed translucent gate.
 34329 | Elf:2    | Found a huge runed translucent gate.
 34330 | Elf:2    | Found a huge runed translucent gate.
 34331 | Elf:2    | Found a huge runed translucent gate.
 34331 | Elf:2    | Found a huge runed translucent gate.
 34602 | Elf:2    | Identified the +5 quarterstaff "Aciatiet" {freeze, rElec
                  | Int-5 SInv}
 34891 | Elf:2    | Found Ikkiwkitu's Jewellery Boutique.
 35119 | Elf:2    | Reached XP level 20. HP: 133/133 MP: 15/39
 35892 | Elf:3    | Entered Level 3 of the Elven Halls
 35925 | Elf:3    | Found an ancient bone altar of Kikubaaqudgha.
 36059 | Elf:3    | Identified the +4 morningstar of the Inferno {flame, rElec}
 36559 | Elf:3    | Identified the +2 robe of Gallantry {*Slow Will+ rCorr
                  | Str+3} (You took it off a deep elf pyromancer on level 3 of
                  | the Elven Halls)
 36713 | Elf:3    | Learned a level 2 spell: Sublimation of Blood
 36717 | Elf:3    | Found the +8 mithril axe "Arga" {speed, Will+}
 36717 | Elf:3    | Found the +7 mace of Variability {chaos, chaos arc}
 36754 | Elf:3    | Reached skill level 1 in Necromancy
 36766 | Elf:3    | Got the Grimoire of Airy Geometry
 37120 | Elf:3    | Got Ososuq's Even More Sorcery
 37149 | Elf:3    | Identified the +9 plate armour of Dyqyinea {Str+3 Dex+6}
 37803 | Vaults:1 | Entered Level 1 of the Vaults
 38106 | Vaults:1 | Reached skill level 5 in Necromancy
 38559 | Vaults:1 | Acquired 846 gold pieces
 38713 | D:11     | You paid a toll of a +6 demon trident to enter a treasure
                  | trove
 38714 | Trove    | Entered a treasure trove
 38745 | Trove    | Identified the amulet "Nohowyf" {Reflect rF+ Will+ Str+4
                  | SH+5}
 38747 | Trove    | Identified the amulet of Ubuv {Faith rF- Will+++ Int+7
                  | Dex-4}
 38751 | Trove    | Identified the amulet of Ytiyhui {rN+++ RegenMP+ Str+3
                  | Int-5}
 38771 | Trove    | Identified the +7 orcbow "Sexac" {heavy, rC- rCorr Stlth+}
 38774 | Trove    | Identified the +1 hand axe "Beetleslayer" {pain, ^Fragile
                  | rPois Dex+8}
 38959 | Vaults:1 | Reached XP level 21. HP: 133/138 MP: 27/40
 39301 | Vaults:2 | Identified the +2 scale mail "Peolyr" {Rampage rC- rCorr
                  | Dex+3}
 40450 | Vaults:3 | Noticed Xtahua
 40518 | Vaults:3 | Found Lalocwa's Antique Weapon Shoppe.
 40589 | Vaults:3 | Killed Xtahua
 40618 | Vaults:3 | Found a staircase to the Crypt.
 40618 | Vaults:3 | Found an ancient bone altar of Kikubaaqudgha.
 40618 | Vaults:3 | Found a basalt altar of Yredelemnul.
 40675 | Vaults:3 | Identified the +8 glaive of Moderation {protect, *Noise
                  | rPois rF++ Str-3}
 40826 | Vaults:3 | Found Luvex's General Store.
 40832 | Vaults:3 | Found Doppier's Assorted Antiques.
 40840 | Vaults:3 | Bought a potion of brilliance for 176 gold pieces
 40840 | Vaults:3 | Bought a brightly glowing robe for 250 gold pieces
 40840 | Vaults:3 | Identified the +0 robe "Eguorphe" {Int-2 Dex+5} (You bought
                  | it in a shop on level 3 of the Vaults)
 40844 | Vaults:3 | Bought a scroll of enchant armour for 330 gold pieces
 40844 | Vaults:3 | Bought a wand of warping (5) for 528 gold pieces
 41027 | Vaults:3 | Found Durgh's Book Emporium.
 41032 | Vaults:3 | Reached skill level 10 in Necromancy
 41041 | Vaults:3 | Reached XP level 22. HP: 147/147 MP: 11/42
 41396 | Vaults:3 | Found Ozxesifrued's Jewellery Shoppe.
 41765 | Vaults:4 | Found Veupeas's Antique Armour Boutique.
 41782 | Vaults:4 | Bought a pair of embroidered gloves for 292 gold pieces
 41782 | Vaults:4 | Bought an ichor-stained leather armour for 273 gold pieces
 41782 | Vaults:4 | Identified the +0 leather armour of Ajimeph {Stlth+} (You
                  | bought it in a shop on level 4 of the Vaults)
 41947 | Vaults:4 | Noticed Mennas
 42617 | Vaults:4 | Killed Mennas
 42843 | Vaults:5 | Entered Level 5 of the Vaults
 42989 | Vaults:5 | Found Bekidi's Armour Shop.
 42997 | Vaults:5 | Identified the amulet "Toddex" {Fly rC+ Will- RegenMP+
                  | Int+3}
 42999 | Vaults:5 | Reached XP level 23. HP: 159/161 MP: 23/45
 43166 | Vaults:5 | Identified the +2 robe "Nann" {Str+3 Dex+2}
 43175 | Vaults:5 | Noticed a dread lich
 43178 | Vaults:5 | Killed a dread lich
 43224 | Vaults:5 | Identified the ring of Wass {Fly Str+3}
 43310 | Vaults:5 | Found Ajeloh's Distillery.
 43333 | Vaults:5 | Bought a potion of brilliance for 72 gold pieces
 43333 | Vaults:5 | Bought a potion of lignification for 54 gold pieces
 43333 | Vaults:5 | Bought a potion of cancellation for 144 gold pieces
 43333 | Vaults:5 | Bought a potion of lignification for 54 gold pieces
 43333 | Vaults:5 | Bought a potion of cancellation for 144 gold pieces
 43333 | Vaults:5 | Bought a potion of curing for 54 gold pieces
 43458 | Vaults:5 | Noticed a golden dragon
 43499 | Vaults:5 | Found Ypnui's Armour Boutique.
 43576 | Vaults:5 | Killed a golden dragon
 43600 | Vaults:5 | Got the Vellum of the Inauspicious Tempest
 43607 | Vaults:5 | Found the ring of the Octopus King
 43621 | Vaults:5 | Identified the +3 scale mail "Nowno" {rPois Dex+2}
 43629 | Vaults:5 | Identified a ring of the Octopus King {HP+2 AC+2 EV+2 SH+2
                  | SInv}
 43630 | Vaults:5 | Identified the +5 flail of Amorality {flame, rC+ Dex+4}
 43635 | Vaults:5 | Identified the +3 quick blade "Mahaoj" {vamp, rF+}
 43818 | Vaults:5 | Identified the staff "Memyomih" {rElec rC+ SInv Ice}
 43825 | Vaults:5 | Identified the staff "Ytti" {rF+++ rC- rN+ Stlth+ Hexes
                  | Necro}
 43833 | Vaults:5 | Got a silver rune of Zot
 44388 | Depths:1 | Entered Level 1 of the Depths
 44399 | Depths:1 | Learned a level 9 spell: Fire Storm
 44399 | Depths:1 | Found a one-way gateway to a ziggurat.
 44415 | Depths:1 | Found a one-way gate leading to the halls of Pandemonium.
 44458 | Depths:1 | Found a blossoming altar of Fedhas.
 44490 | Depths:1 | Found a gateway to Hell.
 45427 | Depths:2 | Reached XP level 24. HP: 169/169 MP: 35/46
 45429 | Depths:2 | Reached skill level 15 in Conjurations
 45971 | Depths:3 | Noticed Grunn
 45974 | Depths:3 | Killed Grunn
 46039 | Depths:3 | Noticed Norris
 46044 | Depths:3 | Killed Norris
 46143 | Depths:3 | Found a one-way gate to the infinite horrors of the Abyss.
 46654 | Depths:4 | Entered Level 4 of the Depths
 46699 | Depths:4 | Reached skill level 15 in Fire Magic
 46703 | Depths:4 | Noticed Vv
 46703 | Depths:4 | Noticed the Enchantress
 46706 | Depths:4 | Killed Vv
 46706 | Depths:4 | Killed the Enchantress
 46863 | Depths:4 | Found a gate to the Realm of Zot.
 46868 | Depths:4 | Got a midnight gem with 521 turns to spare
 46940 | Depths:4 | Noticed Jory
 46946 | Depths:4 | Killed Jory
 47355 | Zot:1    | Entered Level 1 of the Realm of Zot
 47383 | Zot:1    | Noticed Parghit
 47387 | Zot:1    | Killed Parghit
 47387 | Zot:1    | Noticed a curse toe
 47394 | Zot:1    | Killed a curse toe
 47398 | Zot:1    | Reached XP level 25. HP: 95/175 MP: 21/46
 47568 | Zot:1    | Identified the +0 chain mail "Uteg" {Regen+ Dex+3}
 47763 | Zot:1    | Found a burning altar of Makhleb.
 48144 | Zot:2    | Identified the +10 halberd of Qiss {pain, Dex+2}
 48339 | Zot:2    | Identified the +10 rapier of Pestilence {freeze, *Rage
                  | +Blink rElec Stlth-}
 48340 | Zot:2    | Identified the staff "Utwoerche" {rC+ Str+3 Ice}
 49032 | Zot:3    | Acquired 956 gold pieces
 49071 | Zot:3    | Found a runed translucent gate.
 49073 | Zot:3    | Found a runed translucent gate.
 49073 | Zot:3    | Found a runed translucent gate.
 49074 | Zot:3    | Noticed Kaonimui's ghost (master DjHW)
 49105 | Zot:3    | Noticed an orb of fire
 49110 | Zot:3    | Killed an orb of fire
 49166 | Zot:3    | Found Okokhay's Changing Room.
 49179 | Zot:3    | Bought a potion of lignification for 48 gold pieces
 49179 | Zot:3    | Bought a potion of lignification for 48 gold pieces
 50180 | Zot:5    | Entered Level 5 of the Realm of Zot
 50304 | Zot:5    | Reached XP level 26. HP: 145/181 MP: 36/46
 50853 | Zot:5    | Noticed an orb of fire
 50857 | Zot:5    | Killed an orb of fire
 50868 | Zot:5    | Gained mutation: Your magical capacity is low. (-10% MP)
                  | [mutagenic glow]
 50876 | Zot:5    | Gained mutation: You sometimes lose your temper in combat.
                  | [mutagenic glow]
 50887 | Zot:5    | Lost mutation: Your magical capacity is low. (-10% MP)
                  | [potion of mutation]
 50887 | Zot:5    | Lost mutation: You sometimes lose your temper in combat.
                  | [potion of mutation]
 50887 | Zot:5    | Gained mutation: Your body sometimes deteriorates upon
                  | taking damage. [potion of mutation]
 50887 | Zot:5    | Gained mutation: You expend magic power (3 MP) to
                  | strengthen your wands. [potion of mutation]
 50920 | Zot:5    | Noticed an ancient lich
 51005 | Zot:5    | Noticed an ancient lich
 51010 | Zot:5    | Killed an ancient lich
 51060 | Zot:5    | Noticed an orb of fire
 51062 | Zot:5    | Noticed a Killer Klown
 51068 | Zot:5    | Killed an orb of fire
 51072 | Zot:5    | Killed a Killer Klown
 51084 | Zot:5    | Noticed a Killer Klown
 51092 | Zot:5    | Killed a Killer Klown
 51167 | Zot:5    | Noticed a dread lich
 51172 | Zot:5    | Killed a dread lich
 51175 | Zot:5    | Noticed an ancient lich
 51180 | Zot:5    | Killed an ancient lich
 51187 | Zot:5    | Killed an ancient lich
 51188 | Zot:5    | Noticed an orb of fire
 51191 | Zot:5    | Noticed a dread lich
 51192 | Zot:5    | Gained mutation: Your spells are a little easier to cast,
                  | but a little less powerful. [an orb of fire]
 51281 | Zot:5    | Noticed an ancient lich
 51283 | Zot:5    | Noticed an ancient lich
 51285 | Zot:5    | Killed an ancient lich
 51286 | Zot:5    | Killed an ancient lich
 51288 | Zot:5    | Killed a dread lich
 51298 | Zot:5    | Noticed a dread lich
 51308 | Zot:5    | Killed a dread lich
 51315 | Zot:5    | Killed an orb of fire
 52090 | Crypt:1  | Entered Level 1 of the Crypt
 52180 | Crypt:1  | Reached XP level 27. HP: 179/187 MP: 15/46
 52182 | Crypt:1  | Identified the +2 leather armour "Zeddiap" {rPois}
 52702 | Crypt:1  | Found a runed translucent gate.
 52704 | Crypt:1  | Found a runed translucent gate.
 52704 | Crypt:1  | Found a runed translucent gate.
 52704 | Crypt:1  | Found an ancient bone altar of Kikubaaqudgha.
 52704 | Crypt:1  | Noticed an ancient lich
 52704 | Crypt:1  | Noticed Ulecsuczon's ghost (veteran MiGl)
 52705 | Crypt:1  | Noticed a dread lich
 52953 | Crypt:1  | Killed a dread lich
 52954 | Crypt:1  | Killed an ancient lich
 52973 | Crypt:1  | Killed Ulecsuczon's ghost
 52982 | Crypt:1  | Identified the ring of the Special Thickets {rCorr Int+6
                  | Slay+2}
 52989 | Crypt:1  | Identified the +0 hat of the Nexus {Will+}
 53047 | Crypt:2  | Found a runed translucent door.
 53049 | Crypt:2  | Noticed Kucw's ghost (adept GrFi)
 53148 | Crypt:2  | Found the +9 sword of Zonguldrok {reap}
 53152 | Crypt:2  | Reached skill level 10 in Fighting
 53263 | Crypt:2  | Lost mutation: Your spells are a little easier to cast, but
                  | a little less powerful. [potion of mutation]
 53263 | Crypt:2  | Lost mutation: You expend magic power (3 MP) to strengthen
                  | your wands. [potion of mutation]
 53263 | Crypt:2  | Gained mutation: You are resistant to electric shocks.
                  | (rElec) [potion of mutation]
 53263 | Crypt:2  | Gained mutation: You are weak. (Str -2) [potion of
                  | mutation]
 53263 | Crypt:2  | Gained mutation: You have large cloven feet. [potion of
                  | mutation]
 53409 | Crypt:3  | Entered Level 3 of the Crypt
 53550 | Crypt:3  | Found an ancient bone altar of Kikubaaqudgha.
 53617 | Crypt:3  | Found a staircase to the Tomb.
 53759 | Crypt:3  | Identified the +2 helmet of Xitty {rC+}
 53810 | Crypt:3  | Noticed a dread lich
 53814 | Crypt:3  | Killed a dread lich
 53822 | Crypt:3  | Found the +8 Vampire's Tooth {megavamp}
 53829 | Crypt:3  | Identified the +0 pair of gloves of Wu Jian's Regard {rElec
                  | Str+3}
 53838 | Crypt:3  | Got an ivory gem with 49 turns to spare
 53885 | Crypt:3  | Identified the +4 glaive of Integrity {flame, rN+ SInv}
 54865 | Slime:1  | Entered Level 1 of the Pits of Slime
 54957 | Slime:5  | Entered Level 5 of the Pits of Slime
 54974 | Slime:5  | Noticed the Royal Jelly
 54978 | Slime:5  | Killed the Royal Jelly
 55038 | Slime:5  | Identified the ring "Afezeup" {*Corrode Int+5 SInv}
 55055 | Slime:5  | Identified the +1 flail of the Transparent God {heavy, Fly
                  | rElec rC++ Str-4}
 55058 | Slime:5  | Got a slimy rune of Zot
 55059 | Slime:5  | Identified the death talisman of Somewhere Else {Str+2
                  | Int+2 Dex-2}
 55060 | Slime:5  | Got a starry gem with 407 turns to spare
 55567 | Zig:1    | Entered Level 1 of a ziggurat
 55584 | Zig:2    | Entered Level 2 of a ziggurat
 55607 | Zig:3    | Entered Level 3 of a ziggurat
 55640 | Zig:4    | Entered Level 4 of a ziggurat
 55664 | Zig:5    | Entered Level 5 of a ziggurat
 55668 | Zig:5    | Found the +5 moon troll leather armour {Spirit, Regen++
                  | MP+5}
 55683 | Zig:5    | Identified the ring of Qoduni {rPois rF+ rN+ Str+6 Dex+3}
 55696 | Zig:6    | Entered Level 6 of a ziggurat
 55712 | Zig:6    | Identified the ring "Wig Zoem" {AC+4 Str-5 Dex+7 Stlth-}
 55729 | Zig:7    | Entered Level 7 of a ziggurat
 55745 | Zig:7    | Identified the ring of the Ban {rC+ EV+5}
 55771 | Zig:8    | Entered Level 8 of a ziggurat
 55779 | Zig:8    | Noticed an ancient lich
 55779 | Zig:8    | Noticed a dread lich
 55782 | Zig:8    | Killed a dread lich
 55782 | Zig:8    | Killed an ancient lich
 55798 | Zig:8    | Identified the staff "Xylopuwagy" {rC+ MP+9 Str+3 Ice}
 55821 | Zig:9    | Entered Level 9 of a ziggurat
 55839 | Zig:9    | Identified the +4 flail "Lengoid" {flame, rElec rC++ Int+5}
 55846 | Zig:9    | Identified the +1 whip "Xeusk" {speed, rElec MP+9 Dex+5}
 55855 | Zig:10   | Entered Level 10 of a ziggurat
 55901 | Zig:10   | Identified the +6 executioner's axe of Nightmares {venom,
                  | ^Contam rC++ SInv}
 55923 | Zig:11   | Entered Level 11 of a ziggurat
 55937 | Zig:11   | Noticed a royal mummy
 55937 | Zig:11   | Noticed a royal mummy
 55938 | Zig:11   | Killed a royal mummy
 55939 | Zig:11   | Noticed a royal mummy
 55939 | Zig:11   | Killed a royal mummy
 55942 | Zig:11   | Killed a royal mummy
 56004 | Zig:11   | Learned a level 9 spell: Polar Vortex
 56005 | Zig:12   | Entered Level 12 of a ziggurat
 56013 | Zig:12   | Noticed an ancient lich
 56015 | Zig:12   | Killed an ancient lich
 56015 | Zig:12   | Noticed an ancient lich
 56018 | Zig:12   | Killed an ancient lich
 56064 | Zig:12   | Identified the +1 plate armour of the Grue {rElec rPois}
 56100 | Zig:13   | Entered Level 13 of a ziggurat
 56118 | Zig:13   | Reached skill level 15 in Ice Magic
 56158 | Zig:13   | Identified the ring of Gauf {^Contam rPois rF++ Will+++
                  | Dex+6}
 56166 | Zig:13   | Identified the ring "Rusar" {rPois Dex+3}
 56180 | Zig:13   | Identified the +8 falchion of Xukli {spect, Int+4 Dex+6}
 56212 | Zig:13   | Reached skill level 15 in Fighting
 56216 | Zig:14   | Entered Level 14 of a ziggurat
 56251 | Zig:14   | Found the +8 pair of quick blades "Gyre" and "Gimble"
                  | {protect}
 56263 | Zig:14   | Got the Incunabulum of Kinetic Portents
 56316 | Zig:15   | Entered Level 15 of a ziggurat
 56368 | Zig:15   | Identified the +6 whip of Anguish {elec, rPois rN++ rCorr
                  | Stlth-}
 56409 | Zig:16   | Entered Level 16 of a ziggurat
 56427 | Zig:16   | Noticed an orb of fire
 56430 | Zig:16   | Killed an orb of fire
 56431 | Zig:16   | Noticed an orb of fire
 56434 | Zig:16   | Killed an orb of fire
 56445 | Zig:16   | Identified the scarf of Gallantry {rC+ rF+, Harm Str-3
                  | Int+3 Dex+2}
 56446 | Zig:16   | Identified the staff "Duacasti" {rElec rF+ Int+3 Conj Hexes
                  | Tloc}
 56454 | Zig:16   | Got Sif Muna's Quarto of Sweltering Argyropoeia
 56509 | Zig:17   | Entered Level 17 of a ziggurat
 56575 | Zig:17   | Found the +4 robe of Folly {Brill Will-∞ Int+8}
 56581 | Zig:17   | Identified the ring of Doazxuu {rElec Dex+3 SInv}
 56633 | Zig:18   | Entered Level 18 of a ziggurat
 56664 | Zig:18   | Found the +3 giant club "Skullcrusher" {speed, Str+7}
 56701 | Zig:18   | Identified the +6 sling of Blood-Lust {drain, *Corrode
                  | rF+++ rC- SInv}
 56752 | Zig:19   | Entered Level 19 of a ziggurat
 56772 | Zig:19   | Noticed Vuqeoz the pandemonium lord
 56772 | Zig:19   | Noticed Ohuy the pandemonium lord
 56772 | Zig:19   | Noticed Reuni the pandemonium lord
 56773 | Zig:19   | Noticed Vode the pandemonium lord
 56774 | Zig:19   | Noticed Pummuter the pandemonium lord
 56774 | Zig:19   | Killed Ohuy the pandemonium lord
 56774 | Zig:19   | Noticed Wotept the pandemonium lord
 56774 | Zig:19   | Noticed Teotz the pandemonium lord
 56779 | Zig:19   | Killed Reuni the pandemonium lord
 56780 | Zig:19   | Killed Vuqeoz the pandemonium lord
 56787 | Zig:19   | Noticed Zouwoosk the pandemonium lord
 56787 | Zig:19   | Noticed Daycedum the pandemonium lord
 56788 | Zig:19   | Noticed Zuniukus the pandemonium lord
 56790 | Zig:19   | Killed Pummuter the pandemonium lord
 56793 | Zig:19   | Killed Wotept the pandemonium lord
 56798 | Zig:19   | Killed Vode the pandemonium lord
 56810 | Zig:19   | Killed Teotz the pandemonium lord
 56811 | Zig:19   | Killed Daycedum the pandemonium lord
 56853 | Zig:20   | Entered Level 20 of a ziggurat
 56904 | Zig:20   | Identified the amulet of the Will of the Gods {Rampage rF-
                  | RegenMP+ Str+6}
 56907 | Zig:20   | Identified the +4 shortbow "Ciablarirgh" {speed, Str+4
                  | Dex+4}
 56912 | Zig:20   | Got the Volume of the Cooperative Solution
 56918 | Zig:20   | Identified the +2 robe of Tulips {+Inv rElec MP+9}
 56922 | Zig:20   | Identified the +5 orcbow of Woenn {heavy, rC+ SInv}
 56934 | Zig:20   | Identified the +4 dagger "Jehauz" {freeze, ^Fragile rElec
                  | Dex+3}
 56979 | Zig:21   | Entered Level 21 of a ziggurat
 57035 | Zig:21   | Identified the +0 chain mail "Mickorru" {rC++}
 57040 | Zig:21   | Identified the ring "Juvom" {rN+ Str+6 SInv}
 57114 | Zig:22   | Entered Level 22 of a ziggurat
 57156 | Zig:22   | Found the +8 trident of the Octopus King {venom, rElec
                  | rPois}
 57169 | Zig:22   | Identified the ring "Bieg Ose" {rPois rC++ rN+ Will- Str+2}
 57191 | Zig:22   | Reached skill level 10 in Armour
 57191 | Zig:22   | Reached skill level 10 in Dodging
 57191 | Zig:22   | Reached skill level 10 in Shields
 57195 | Zig:22   | Identified the +3 rapier "Eqidu" {holy, rPois Will++ Str-3}
 57247 | Zig:23   | Entered Level 23 of a ziggurat
 57313 | Zig:23   | Identified the ring "Jocajuh" {Str+2 Int+6}
 57314 | Zig:23   | Identified the +8 morningstar "Xuoco" {heavy, rF+}
 57326 | Zig:23   | Identified the death talisman of Esontut {Will+ Int+4 SInv}
 57329 | Zig:23   | Identified the +6 shortbow "Goenehil" {flame, Will- Int+8}
 57402 | Zig:24   | Entered Level 24 of a ziggurat
 57419 | Zig:24   | Paralysed by an air elemental for 1 turns
 57475 | Zig:24   | Identified the amulet "Kubuinu" {Acrobat rPois Str+5}
 57476 | Zig:24   | Identified the +9 halberd "Ujuuraw" {venom, Will+ Int+5
                  | Dex-5}
 57484 | Zig:24   | Got the Tractate on the Maleficium and the Crevasse
 57488 | Zig:24   | Identified the +4 short sword of Red Wine {holy, rC+ Int+4}
 57490 | Zig:24   | Identified the ring of Circularity {^Contam rElec rC+++ rN+
                  | SInv}
 57573 | Zig:25   | Entered Level 25 of a ziggurat
 57635 | Zig:25   | Found the +3 Elemental Staff {ele, rElec rF+ rC+ AC+3}
 57639 | Zig:25   | Identified the amulet "Qevuamu" {Reflect Will+ rCorr SH+5}
 57647 | Zig:25   | Identified the +3 long sword of the Beginning {speed, rPois
                  | rF+ Stlth+}
 57668 | Zig:25   | Identified the ring of Caffu {rElec rF+ rC+ SInv Stlth-}
 57673 | Zig:25   | Identified the ring "Allir" {Will+ Str+2 SInv}
 57762 | Zig:26   | Entered Level 26 of a ziggurat
 57791 | Zig:26   | Noticed a dread lich
 57796 | Zig:26   | Noticed an ancient lich
 57796 | Zig:26   | Killed a dread lich
 57799 | Zig:26   | Killed an ancient lich
 57799 | Zig:26   | Noticed a dread lich
 57800 | Zig:26   | Killed a dread lich
 57800 | Zig:26   | Killed a dread lich
 57801 | Zig:26   | Killed a dread lich
 57905 | Zig:26   | Identified the death talisman of Ru's Outrage {*Corrode
                  | rElec Dex+3}
 57906 | Zig:26   | Identified the staff of Valour {rF- Str+3 Conj Necro}
 57910 | Zig:26   | Identified the +10 rapier "Globulus" {antimagic, *Rage rN+
                  | Dex+3}
 57930 | Zig:27   | Entered Level 27 of a ziggurat
 58017 | Zig:27   | Identified the +1 shortbow of Disog {speed, Int+2}
 58024 | Zig:27   | Identified the staff of Accord {rF+ rC+ rCorr Dex-5 Fire}
 58026 | Zig:27   | Identified the +0 short sword "Raoriymn" {heavy, ^Contam
                  | rPois Will+ Str+3}
 58029 | Zig:27   | Identified the staff of Causality {rF+ Str+4 Fire Air}
 58033 | Zig:27   | Identified the +6 great mace "Trog's Fury" {protect, rF+}
 58034 | Zig:27   | Identified the staff of Feaklome {^Fragile rElec rPois rF+
                  | Alchemy}
 58042 | Zig:27   | Got the Spellbook of Nocuous Turbulence
 58054 | Zig:27   | Identified the +2 falchion of Iconoclasm {freeze, rElec rC+
                  | Will+ Int+3}
 58218 | Depths:3 | Voluntarily entered the Abyss.
 58359 | Abyss:3  | Found a corrupted altar of Lugonu.
 58363 | Abyss:3  | Found a corrupted altar of Lugonu.
 58382 | Abyss:3  | Found a corrupted altar of Lugonu.
 58394 | Abyss:3  | Found a corrupted altar of Lugonu.
 58400 | Abyss:3  | Got an abyssal rune of Zot
 58412 | Depths:3 | Escaped the Abyss
 58413 | Depths:3 | Lost mutation: You are resistant to electric shocks.
                  | (rElec) [potion of mutation]
 58413 | Depths:3 | Lost mutation: Your body often deteriorates upon taking
                  | damage. [potion of mutation]
 58413 | Depths:3 | Lost mutation: You have large cloven feet. [potion of
                  | mutation]
 58413 | Depths:3 | Gained mutation: You occasionally lose the ability to read
                  | scrolls when taking damage. [potion of mutation]
 58413 | Depths:3 | Gained mutation: You are covered in fur. (AC +1) [potion of
                  | mutation]
 58414 | Depths:3 | Lost mutation: You are weak. (Str -2) [potion of mutation]
 58414 | Depths:3 | Lost mutation: You are covered in fur. (AC +1) [potion of
                  | mutation]
 58414 | Depths:3 | Gained mutation: Your natural rate of healing is unusually
                  | fast. [potion of mutation]
 58415 | Depths:3 | Lost mutation: Your natural rate of healing is unusually
                  | fast. [potion of mutation]
 58415 | Depths:3 | Lost mutation: You occasionally lose the ability to read
                  | scrolls when taking damage. [potion of mutation]
 58415 | Depths:3 | Gained mutation: You occasionally lose the ability to drink
                  | potions when taking damage. [potion of mutation]
 58416 | Depths:3 | Lost mutation: You occasionally lose the ability to drink
                  | potions when taking damage. [potion of mutation]
 58416 | Depths:3 | Gained mutation: Your spells are a little harder to cast,
                  | but a little more powerful. [potion of mutation]
 58416 | Depths:3 | Gained mutation: You have sharp toenails. [potion of
                  | mutation]
 58470 | Pan      | Entered Pandemonium
 58706 | Pan      | Reached skill level 15 in Armour
 58706 | Pan      | Reached skill level 15 in Dodging
 58711 | Pan      | Reached skill level 15 in Shields
 58808 | Pan      | Noticed Zogg the pandemonium lord
 58821 | Pan      | Killed Zogg the pandemonium lord
 58832 | Pan      | Entered the realm of Lom Lobon.
 58896 | Pan      | Noticed Lom Lobon
 58902 | Pan      | Killed Lom Lobon
 58914 | Pan      | Got a magical rune of Zot
 59150 | Pan      | Identified the +7 sling "Lukkein" {antimagic, rCorr Str+2}
 59164 | Pan      | Found an exit through the horrors of the Abyss.
 59168 | Pan      | Entered the realm of Gloorx Vloq.
 59247 | Pan      | Noticed Gloorx Vloq
 59251 | Pan      | Killed Gloorx Vloq
 59262 | Pan      | Got a dark rune of Zot
 59335 | Pan      | Entered the realm of Cerebov.
 59371 | Pan      | Found the +6 sword of Cerebov {flame}
 59371 | Pan      | Noticed Cerebov
 59385 | Pan      | Killed Cerebov
 59402 | Pan      | Got a fiery rune of Zot
 59427 | Pan      | Identified the ring "Xiussia" {Ice Slay+2}
 59575 | Pan      | Noticed Ocreuk the pandemonium lord
 59577 | Pan      | Killed Ocreuk the pandemonium lord
 59607 | Pan      | Entered the realm of Mnoleg.
 59665 | Pan      | Noticed Mnoleg
 59670 | Pan      | Killed Mnoleg
 59746 | Pan      | Got a glowing rune of Zot
 59780 | Pan      | Lost mutation: Your spells are a little harder to cast, but
                  | a little more powerful. [a neqoxec]
 59854 | Pan      | Gained mutation: You are frail. (-10% HP) [a neqoxec]
 59860 | Pan      | Lost mutation: You are frail. (-10% HP) [potion of
                  | mutation]
 59860 | Pan      | Lost mutation: You have sharp toenails. [potion of
                  | mutation]
 59860 | Pan      | Gained mutation: You occasionally shout uncontrollably at
                  | your foes. [potion of mutation]
 59860 | Pan      | Gained mutation: A frigid envelope surrounds you and
                  | freezes all who hurt you. [potion of mutation]
 59861 | Pan      | Lost mutation: A frigid envelope surrounds you and freezes
                  | all who hurt you. [potion of mutation]
 59861 | Pan      | Lost mutation: You occasionally shout uncontrollably at
                  | your foes. [potion of mutation]
 59861 | Pan      | Gained mutation: Your health recovers twice as slowly from
                  | being drained. [potion of mutation]
 59861 | Pan      | Gained mutation: Your movements are slightly less
                  | encumbered by armour. (ER -2) [potion of mutation]
 59861 | Pan      | Gained mutation: You are partially covered in iridescent
                  | scales. (AC +2) [potion of mutation]
 59882 | Pan      | Found a runed translucent door.
 60044 | Pan      | Found a runed translucent door.
 60094 | Pan      | Found an exit through the horrors of the Abyss.
 60130 | Pan      | Noticed Nairreh the pandemonium lord
 60134 | Pan      | Gained mutation: Your body sometimes deteriorates upon
                  | taking damage. [a cacodemon]
 60135 | Pan      | Killed Nairreh the pandemonium lord
 60214 | Pan      | Noticed Nonoinleabb the pandemonium lord
 60217 | Pan      | Killed Nonoinleabb the pandemonium lord
 60284 | Pan      | Got a demonic rune of Zot
 60347 | Pan      | Found an exit through the horrors of the Abyss.
 60357 | Pan      | Took an exit into the Abyss.
 60357 | Abyss:3  | Escaped into the Abyss
 60357 | Abyss:3  | Found a corrupted altar of Lugonu.
 60361 | Depths:3 | Escaped the Abyss
 60403 | Hell     | Entered the Vestibule of Hell
 60412 | Hell     | Noticed Geryon
 60419 | Hell     | Killed Geryon
 60444 | Hell     | Found a gateway to the decaying netherworld of Tartarus.
 60465 | Tar:1    | Entered Level 1 of Tartarus
 60602 | Tar:3    | You are sucked into a shaft and drop 1 floor!
 60970 | Tar:7    | Entered Level 7 of Tartarus
 61148 | Tar:7    | Noticed Ereshkigal
 61153 | Tar:7    | Killed Ereshkigal
 61179 | Tar:7    | Got a bone rune of Zot
 61338 | Hell     | Found a gateway to the freezing wastes of Cocytus.
 61348 | Coc:1    | Entered Level 1 of Cocytus
 61583 | Coc:4    | Noticed a dread lich
 61611 | Coc:5    | Noticed an ancient lich
 61613 | Coc:5    | Reached skill level 3 in Invocations
 61613 | Coc:5    | Killed an ancient lich
 61614 | Coc:5    | Reached skill level 4 in Invocations
 61614 | Coc:5    | Paralysed by a wendigo for 1 turns
 61616 | Coc:5    | Reached skill level 5 in Invocations
 61632 | Coc:5    | Reached skill level 6 in Invocations
 61635 | Coc:6    | Reached skill level 7 in Invocations
 61638 | Coc:6    | Reached skill level 8 in Invocations
 61639 | Coc:6    | Reached skill level 9 in Invocations
 61642 | Coc:6    | Reached skill level 10 in Invocations
 61645 | Coc:6    | Reached skill level 11 in Invocations
 61648 | Coc:6    | Reached skill level 12 in Invocations
 61663 | Coc:7    | Entered Level 7 of Cocytus
 61670 | Coc:7    | Reached skill level 13 in Invocations
 61672 | Coc:7    | Paralysed by a wendigo for 1 turns
 61688 | Coc:7    | Reached skill level 14 in Invocations
 61703 | Coc:7    | Reached skill level 15 in Invocations
 61722 | Coc:7    | Noticed Antaeus
 61723 | Coc:7    | Paralysed by a wendigo for 1 turns
 61737 | Coc:7    | Killed Antaeus
 61738 | Coc:7    | Reached skill level 16 in Invocations
 61766 | Coc:7    | Got an icy rune of Zot
 61818 | Hell     | Found a gateway to the Iron City of Dis.
 61831 | Dis:1    | Entered Level 1 of the Iron City of Dis
 61863 | Dis:1    | Reached skill level 17 in Invocations
 61908 | Dis:1    | You are sucked into a shaft and drop 1 floor!
 61936 | Dis:2    | Reached skill level 18 in Invocations
 61952 | Dis:3    | Reached skill level 19 in Invocations
 61952 | Dis:3    | Noticed an ancient lich
 61954 | Dis:3    | Killed an ancient lich
 61998 | Dis:6    | Reached skill level 20 in Invocations
 62014 | Dis:6    | Reached skill level 21 in Invocations
 62077 | Dis:7    | Entered Level 7 of the Iron City of Dis
 62143 | Dis:7    | Noticed the Serpent of Hell
 62144 | Dis:7    | Noticed a juggernaut
 62147 | Dis:7    | Reached skill level 22 in Invocations
 62147 | Dis:7    | Killed a juggernaut
 62153 | Dis:7    | Killed the Serpent of Hell
 62186 | Dis:7    | Noticed Dispater
 62192 | Dis:7    | Killed Dispater
 62193 | Dis:7    | Reached skill level 23 in Invocations
 62203 | Dis:7    | Noticed a juggernaut
 62209 | Dis:7    | Killed a juggernaut
 62211 | Dis:7    | Got an iron rune of Zot
 62213 | Dis:7    | Noticed a juggernaut
 62215 | Dis:7    | Killed a juggernaut
 62309 | Hell     | Found a gateway to the ashen valley of Gehenna.
 62318 | Geh:1    | Entered Level 1 of Gehenna
 62378 | Geh:1    | Reached skill level 24 in Invocations
 62392 | Geh:2    | Noticed a dread lich
 62396 | Geh:2    | Killed a dread lich
 62703 | Geh:6    | Reached skill level 25 in Invocations
 62727 | Geh:7    | Entered Level 7 of Gehenna
 62820 | Geh:7    | Reached skill level 26 in Invocations
 62854 | Geh:7    | Found the +13 sceptre of Asmodeus
 62854 | Geh:7    | Noticed Asmodeus
 62863 | Geh:7    | Killed Asmodeus
 62870 | Geh:7    | Identified the ring of Beogh's Supremacy {Fire Dex+2}
 62879 | Geh:7    | Identified the ring of Buuzaf {rF++ Will+ rCorr MP+9}
 62917 | Geh:7    | Got an obsidian rune of Zot
 63402 | Tomb:1   | Entered Level 1 of the Tomb of the Ancients
 63405 | Tomb:1   | Noticed a royal mummy
 63405 | Tomb:1   | Noticed a royal mummy
 63408 | Tomb:1   | Killed a royal mummy
 63409 | Tomb:1   | Killed a royal mummy
 63413 | Tomb:1   | Noticed a royal mummy
 63414 | Tomb:1   | Noticed a royal mummy
 63416 | Tomb:1   | Killed a royal mummy
 63417 | Tomb:1   | Killed a royal mummy
 63418 | Tomb:1   | Reached skill level 27 in Invocations
 63419 | Tomb:1   | Noticed a royal mummy
 63473 | Tomb:1   | Noticed a royal mummy
 63475 | Tomb:1   | Killed a royal mummy
 63475 | Tomb:1   | Noticed a royal mummy
 63476 | Tomb:1   | Noticed a royal mummy
 63478 | Tomb:1   | Killed a royal mummy
 63478 | Tomb:1   | Noticed a royal mummy
 63478 | Tomb:1   | Noticed a royal mummy
 63479 | Tomb:1   | Killed a royal mummy
 63481 | Tomb:1   | Killed a royal mummy
 63482 | Tomb:1   | Noticed a royal mummy
 63483 | Tomb:1   | Killed a royal mummy
 63485 | Tomb:1   | Killed a royal mummy
 63538 | Tomb:1   | Killed a royal mummy
 63538 | Tomb:1   | Noticed a royal mummy
 63540 | Tomb:1   | Noticed a royal mummy
 63544 | Tomb:1   | Killed a royal mummy
 63545 | Tomb:1   | Killed a royal mummy
 63549 | Tomb:1   | Noticed a royal mummy
 63551 | Tomb:1   | Killed a royal mummy
 63576 | Tomb:1   | Noticed a royal mummy
 63578 | Tomb:1   | Killed a royal mummy
 63618 | Tomb:1   | Noticed a royal mummy
 63621 | Tomb:1   | Killed a royal mummy
 63629 | Tomb:1   | Noticed a royal mummy
 63633 | Tomb:1   | Killed a royal mummy
 63722 | Tomb:2   | Noticed a royal mummy
 63724 | Tomb:2   | Noticed a royal mummy
 63724 | Tomb:2   | Noticed a royal mummy
 63725 | Tomb:2   | Noticed a royal mummy
 63726 | Tomb:2   | Killed a royal mummy
 63727 | Tomb:2   | Killed a royal mummy
 63727 | Tomb:2   | Killed a royal mummy
 63728 | Tomb:2   | Killed a royal mummy
 63893 | Tomb:3   | Entered Level 3 of the Tomb of the Ancients
 63916 | Tomb:3   | Noticed a royal mummy
 63917 | Tomb:3   | Noticed a royal mummy
 63919 | Tomb:3   | Killed a royal mummy
 63920 | Tomb:3   | Killed a royal mummy
 63920 | Tomb:3   | Noticed a royal mummy
 63920 | Tomb:3   | Noticed a royal mummy
 63924 | Tomb:3   | Killed a royal mummy
 63924 | Tomb:3   | Killed a royal mummy
 63962 | Tomb:3   | Found the +13 scythe of Curses {drain, curses, ^Drain}
 63964 | Tomb:3   | Identified the ring "Bomitep" {rF+ rN+}
 63968 | Tomb:3   | Noticed a royal mummy
 63972 | Tomb:3   | Killed a royal mummy
 63974 | Tomb:3   | Identified the +2 robe of Hiunti Buvu {rF+ rC+ Str+2
                  | Stlth+}
 63974 | Tomb:3   | Noticed Boris
 63977 | Tomb:3   | Killed Boris
 63993 | Tomb:3   | Noticed a royal mummy
 63993 | Tomb:3   | Identified the +2 ring mail of Lounwial {Rampage Dex+2
                  | SInv}
 63997 | Tomb:3   | Killed a royal mummy
 63998 | Tomb:3   | Noticed a royal mummy
 64002 | Tomb:3   | Killed a royal mummy
 64005 | Tomb:3   | Noticed a royal mummy
 64005 | Tomb:3   | Noticed a royal mummy
 64008 | Tomb:3   | Killed a royal mummy
 64008 | Tomb:3   | Killed a royal mummy
 64038 | Tomb:3   | Got a sanguine gem with 1189 turns to spare
 64050 | Tomb:3   | Got a golden rune of Zot
 64096 | Tomb:1   | Gained mutation: You sometimes lose your temper in combat.
                  | [mutagenic glow]
 64106 | Tomb:1   | Gained mutation: You are clumsy. (Dex -2) [mutagenic glow]
 64119 | Crypt:3  | Lost mutation: You are clumsy. (Dex -2) [mutagenic glow]
 64131 | Crypt:3  | Gained mutation: You are vulnerable to cold. (rC-)
                  | [mutagenic glow]
 64707 | Zot:5    | Got the Orb of Zot
 65310 | D:$      | Escaped with the Orb!

Illustrated notes

Levels and vault maps discovered:
D:1:      scummos_arrival_star, layout_basic
D:2:      layout_basic, serial_shops, shop
D:3:      layout_loops_cross, nicolae_goblin_pals, uniq_natasha, uniq_grinder
D:4:      layout_cave_pools, yredelemnul_altar_generic,
          minmay_temple_entry_overgrown, minmay_misc_feat_doors
D:5:      layout_rooms, kennysheep_little_box, chequers_ossuary_entry_cave,
          hex_tiny, glass_columns_a, minmay_misc_feat_iff, saegor_snake_ambush
D:6:      layout_basic
D:7:      layout_basic, mainiacjoe_overflow_24_doors, uniq_menkaure
D:8:      minmay_the_grid_octo_triangle [minmay_the_grid_octo_tetromino_candy,
          minmay_the_grid_octo_prize_single_spiral, minmay_the_grid_octo_teeth],
          layout_basic, nicolae_ru_great_annihilating_truth,
          nicolae_uskayaw_en_pointe, enter_bailey_2, special_room
          [special_room_kobold], serial_shops, shop
D:9:      layout_irregular_city, serial_shops, shop
D:10:     layout_cave_pools, mainiacjoe_overflow_small_starburst,
          mainiacjoe_overflow_alcove_2, orc_0_dummy, uniq_maggie
D:11:     layout_grid_maze, enter_trove_0, hangedman_misty_isle
D:12:     layout_small_grid, ebering_ghost_xom, nicolae_sif_muna_condensation,
          uniq_azrael
D:13:     layout_rooms, hellmonk_vaults_keyhole, serial_shops,
          nicolae_shop_back_alley_shop
D:14:     minmay_s_stair_smasher, layout_grid_maze, kennysheep_doodads,
          gauntlet_entry_generic
D:15:     grunt_enter_depths_hoard, layout_stronghold, serial_undead,
          serial_undead_c, serial_undead_d, serial_undead_a, serial_undead_f,
          nicolae_vehumet_altar_sigil, uniq_rupert
Temple:   bh_familiar_temple
Lair:1:   layout_cave_pods, serial_bayou_pond_e
Lair:2:   layout_loops_ring, portal_ice_cave_entry_ice_simulacra
Lair:3:   layout_gridlike, minmay_shoals_entry_centaurs,
          minmay_snake_entry_guardpost_small, nicolae_volcano_entry_vermiform
Lair:4:   layout_layer_cave, gammafunk_ghost_wrathful_warriors,
          serial_bayou_shore_b, uniq_josephine
Lair:5:   guppyfry_lair_end_dragon, layout_loops_ring, hangedman_lair_in_review,
          dpeg_slime_entry_enclosed, ldierk_geyser, dpeg_oklob_1,
          serial_bayou_shore_a
Shoals:1: layout_shoals
Shoals:2: layout_shoals
Shoals:3: layout_shoals, nicolae_shop_gadgets, uniq_polyphemus, uniq_ilsuiw
Shoals:4: shoals_end_hellmonk_storm_palace [storm_palace_center_ruins,
          storm_palace_corner_altar, storm_palace_corner_blocked,
          storm_palace_corner_altar, storm_palace_corner_pillars]
Snake:1:  layout_onion, basic_altar, uniq_nikola
Snake:2:  layout_misc_corridors, basic_altar, uniq_mlioglotl, uniq_aizul,
          uniq_roxanne
Snake:3:  layout_cave_town, serial_shops, nicolae_shop_just_a_little_nook,
          serial_bayou, serial_bayou_ford_a, serial_bayou_crossing,
          serial_bayou_lagoon_a, serial_bayou_lake_a, serial_bayou_pond_b,
          uniq_louise
Snake:4:  minmay_snake_end_coiled, layout_cave_town, serial_shops, shop
Slime:1:  layout_caves
Slime:2:  layout_caves, nicolae_slime_phagocytosis
Slime:3:  layout_caves
Slime:4:  layout_caves, nicolae_slime_getting_an_eyeful
Slime:5:  slime_pit_nicolae_amoeboid
Orc:1:    layout_caves, serial_shops, shop, shop, nicolae_orc_lava_room
Orc:2:    grunt_orc_community_town_hall, layout_caves,
          grunt_orc_community_big_house_2, grunt_orc_community_big_house_1,
          grunt_orc_community_house_3, grunt_orc_community_house_1,
          grunt_orc_community_house_1, grunt_orc_community_house_1,
          grunt_orc_community_house_3, grunt_orc_community_house_1
Elf:1:    eino_elf_arrival_sip, layout_geoelf_octagon, evilmike_minifort
Elf:2:    elven_hall_of_blades_hangedman_alternative
          [nicolae_blade_entry_diamond_columns], layout_loops_cross,
          serial_shops, shop, lemuel_flamethrower_3
Elf:3:    grunt_elf_hall_branching, layout_loops_cross, basic_altar
Vaults:1: nicolae_vaults_tetromino_L_2, hangedman_vaults_unwind, v_misc_12,
          nicolae_vaults_swerve, nicolae_vaults_prndl,
          nicolae_vaults_security_offices_3, nicolae_vaults_more_shelving_1,
          vaults_room_fours, hangedman_vaults_slice,
          nicolae_vaults_closet_pinwheel_2, grunt_vaults_bifocal,
          layout_vaults_maze_bifur
Vaults:2: st_lines, nicolae_vaults_sesquioval_fish,
          nicolae_vaults_bisected_exclaves, nicolae_vaults_three_branches,
          nicolae_vaults_tetromino_Z_1, v_alt_pattern_6,
          nicolae_vaults_heart-shaped_vault, nicolae_vaults_yaktaur_gun_rack,
          ontoclasm_vaults_gateway, layout_vaults_omnigrid
Vaults:3: minmay_crypt_entry_necro_gods, hangedman_vaults_trim, v_misc_30,
          v_misc_11, nicolae_vaults_network_star, st_greater_box_2,
          vaults_standard_mumra_x, hangedman_vaults_stagger,
          nicolae_vaults_two_Ls, nicolae_vaults_trapezoid_lopsided_3,
          layout_vaults_omnibox, serial_shops, nicolae_shop_advertising_works
          [nicolae_subvault_shop_adworks], shop, nicolae_shop_behind_doors,
          nicolae_shop_trees, shop, uniq_xtahua
Vaults:4: hangedman_vaults_hat, hangedman_vaults_slither,
          nicolae_vaults_puzzle_piece, nicolae_vaults_heart-shaped_vault,
          nicolae_vaults_closet_pinwheel_4, nicolae_vaults_rhombus_6,
          layout_vaults_chaotic_city, serial_shops, shop, uniq_mennas
Vaults:5
Crypt:1:  cheibrodos_crypt_draghalla, layout_chaotic_city, gammafunk_ghost_crypt
Crypt:2:  layout_regular_city, gammafunk_ghost_grave, grunt_ministairs_12,
          nicolae_crypt_statuary_hall, minmay_guarded_unrand_zonguldrok
Crypt:3:  evilmike_haunted_forest
Tomb:1
Tomb:2
Tomb:3:   uniq_boris
Depths:1: layout_honeycomb, enter_ziggurat_e, hangedman_abyss_or_decor_stagger,
          hell_entry, grunt_pan_entry_spiral, minivault_1, solitary_fountain,
          fedhas_altar_1
Depths:2: evilmike_marble_ring, layout_basic, rand_demon_pan_entry_5,
          chequers_serial_rivers_small_a, hell_entry
Depths:3: dreamdust_cat_pyramid, layout_cave_pools,
          regret_index_abyss_entry_earlier_magic, minmay_misc_feat_tower,
          rand_demon_pan_entry_7, serial_column_ruins, column_ruins_portal_hut,
          column_ruins_hut_ruined, column_ruins_open_small,
          column_ruins_columns_T, column_ruins_open_large,
          column_ruins_open_medium_water, column_ruins_open_tiny,
          column_ruins_grid_3, hell_entry, uniq_norris, uniq_grunn
Depths:4: evilmike_zot_entry_diamond, layout_gridville, grunt_hell_horde,
          nicolae_abyss_entry_one_way_or_another, grunt_megastairs_1,
          uniq_enchantress, uniq_vv, uniq_jory
Hell
Dis:1:    layout_jigsaw
Dis:2:    layout_jigsaw
Dis:3:    layout_regular_city, nicolae_dis_metal_lava_thing
Dis:4:    layout_overlapping_boxes
Dis:5:    layout_gridville
Dis:6:    layout_subdivisions, nicolae_hells_seeping_fissure
Dis:7:    dis_grunt_layers
Geh:1:    layout_gehenna_pools_box
Geh:2:    layout_gehenna_pools_triple
Geh:3:    layout_gehenna_pools_triple
Geh:4:    layout_gehenna_lava_caves
Geh:5:    nicolae_geh_seventh_circle, layout_gehenna_pools_triple,
          nicolae_geh_single_fiery_grave, nicolae_hells_seeping_fissure
Geh:6:    layout_gehenna_pools_box
Geh:7:    geh_grunt
Coc:1:    layout_cocytus_water_paths
Coc:2:    layout_cocytus_water_paths
Coc:3:    layout_cocytus_water_paths
Coc:4:    layout_ice_bergs
Coc:5:    layout_ice_bergs
Coc:6:    layout_ice_bergs
Coc:7:    coc_old
Tar:1:    layout_catacombs
Tar:2:    layout_grid_maze
Tar:3:    nicolae_hells_titanomachy
Tar:4:    layout_cathedral_of_symmetry, nicolae_tar_cuneiform_bird
Tar:5:    layout_grid_maze
Tar:6:    layout_honeycomb, nicolae_tar_cuneiform_to_be,
          nicolae_hells_seeping_fissure
Tar:7:    tar_mu [tar_mu_maze]
Zot:1:    kennysheep_bubbly, layout_misc_corridors, hangedman_zot_wheel_spokes,
          regret_index_zotdec_demonic_mixed, st_stairs_13, uniq_parghit
Zot:2:    gammafunk_mikee_crab_dinner, layout_gridlike,
          regret_index_zotdec_banners
Zot:3:    layout_basic, ebering_ghost_rock_garden, nicolae_transmutations_shop
Zot:4:    layout_onion, st_single_dragon_hoard_1, st_stairs_3, uniq_josephina
Zot:5:    layout_basic

Skill      XL: |  1  2  3  4  5  6  7  8  9 10 11 12 13 14 15 16 17 18 19 20 21 22 23 24 25 26 27 |
---------------+----------------------------------------------------------------------------------+-----
Conjurations   | 2 3 4 5 6 8 10 11 12 14 17 19 21 22 | 22.0
Hexes          | 1 2 3 4 5 |  5.0
Spellcasting   | 3 4 5 6 8 9 10 11 12 13 15 16 18 19 26 | 26.7
Fire Magic     | 4 5 6 7 9 10 11 13 16 18 20 21 | 21.0
Evocations     | 1 2 3 4 5 |  5.0
Throwing       | 2 |  2.0
Long Blades    | 1 2 |  2.0
Fighting       | 2 4 5 6 9 23 | 23.8
Dodging        | 3 4 5 21 | 21.0
Armour         | 2 4 5 21 | 21.0
Air Magic      | 1 6 9 10 11 | 11.0
Alchemy        | 1 2 |  2.0
Stealth        | 5 |  5.0
Earth Magic    | 4 8 11 13 16 19 21 22 | 22.2
Staves         | 2 |  2.0
Shields        | 5 21 | 21.0
Ice Magic      | 5 9 11 21 | 21.0
Necromancy     | 6 10 11 | 11.0
Invocations    | 27 | 27.0

Action                     |  1- 3 |  4- 6 |  7- 9 | 10-12 | 13-15 | 16-18 | 19-21 | 22-24 | 25-27 || total
---------------------------+-------+-------+-------+-------+-------+-------+-------+-------+-------++-------
  Melee: Unarmed           |     1 |       |       |       |       |       |       |       |       ||     1
         Long sword        |    11 |     9 |    61 |    15 |   135 |       |       |       |       ||   231
         Whip              |     1 |       |       |       |       |       |       |       |       ||     1
         Staff             |       |       |       |       |   208 |   131 |    36 |    15 |    21 ||   411
  Throw: Dart              |       |       |       |     7 |     2 |     3 |       |       |     1 ||    13
   Cast: Foxfire           |    67 |    82 |   194 |   409 |   354 |     7 |       |     1 |       ||  1114
         Scorch            |     2 |     3 |    69 |    43 |    80 |       |       |       |       ||   197
         Inner Flame       |       |     4 |     9 |    53 |    80 |     2 |       |       |       ||   148
         Mephitic Cloud    |       |       |       |     8 |     1 |       |       |       |       ||     9
         Flame Wave        |       |       |       |    19 |    74 |     2 |       |       |       ||    95
         Arcjolt           |       |       |       |     5 |    78 |    10 |     8 |     4 |     1 ||   106
         Bombard           |       |       |       |       |    34 |    16 |    22 |     3 |   135 ||   210
         Permafrost Erupti |       |       |       |       |     4 |   375 |   385 |   200 |   357 ||  1321
         Sublimation of Bl |       |       |       |       |       |       |    44 |   119 |   262 ||   425
         Shatter           |       |       |       |       |       |       |    31 |   216 |   738 ||   985
         Fire Storm        |       |       |       |       |       |       |       |       |   717 ||   717
         Polar Vortex      |       |       |       |       |       |       |       |       |    53 ||    53
  Evoke: Wand              |       |     1 |    25 |     3 |    23 |     3 |     3 |     9 |    12 ||    79
         Phantom mirror    |       |       |       |       |       |       |     1 |     2 |     2 ||     5
    Use: Scroll            |       |       |     7 |    14 |    13 |     6 |     3 |     6 |    20 ||    69
         Potion            |       |       |     6 |     1 |     2 |       |       |     1 |    71 ||    81
   Stab: Sleeping          |     1 |       |       |       |     1 |       |       |       |       ||     2
         Confused          |       |       |       |     1 |       |       |       |       |       ||     1
         Paralysed         |       |       |       |       |    12 |       |       |       |       ||    12
 Armour: Robe              |    11 |     6 |       |       |       |       |       |       |       ||    17
         Leather armour    |       |    11 |    47 |       |       |       |       |       |       ||    58
         Troll leather arm |       |       |    51 |   142 |  1057 |   291 |   170 |   165 |   576 ||  2452
         Skin              |       |       |    42 |       |       |       |       |       |    16 ||    58
         Ice dragon scales |       |       |       |       |    79 |       |       |       |       ||    79
  Dodge: Dodged            |    11 |     8 |    84 |    66 |   494 |   139 |    79 |    69 |   324 ||  1274
  Block: Buckler           |       |       |       |       |    64 |    85 |    38 |    25 |   142 ||   354

Table legend: (Time is in decaauts)
 A = Elapsed time spent in this place.
 B = Non-inter-level travel time spent in this place.
 C = Inter-level travel time spent in this place.
 D = Time resting spent in this place.
 E = Time spent auto-exploring this place.
 F = Levels seen in this place.
 G = Mean time per level.
                   A        B        C        D        E       F      G
               +--------+--------+--------+--------+--------+-----+--------+
         Total |  65758 |  58832 |   6926 |    816 |  38482 | 144 |  456.7 |
       Dungeon |  18404 |  15409 |   2995 |    182 |  11417 |  15 | 1226.9 |
        Temple |     63 |      1 |     62 |      0 |      0 |   1 |   63.0 |
          Lair |   6549 |   5930 |    619 |      0 |   3908 |   5 | 1309.8 |
        Shoals |   3460 |   3303 |    157 |     90 |   2411 |   4 |  865.0 |
     Snake Pit |   3413 |   3199 |    214 |      2 |   2176 |   4 |  853.2 |
    Slime Pits |    354 |    302 |     52 |      0 |      0 |   5 |   70.8 |
  Orcish Mines |   1566 |   1307 |    259 |      0 |    661 |   2 |  783.0 |
   Elven Halls |   3831 |   3616 |    215 |      0 |   3040 |   3 | 1277.0 |
        Vaults |   6527 |   5723 |    804 |    160 |   4216 |   5 | 1305.4 |
         Crypt |   2720 |   2348 |    372 |      0 |   1418 |   3 |  906.7 |
          Tomb |    680 |    670 |     10 |     55 |      3 |   3 |  226.7 |
        Depths |   3436 |   2924 |    512 |      0 |   2354 |   4 |  859.0 |
          Hell |    185 |    152 |     33 |      0 |      0 |   1 |  185.0 |
           Dis |    437 |    437 |      0 |      0 |      0 |   7 |   62.4 |
       Gehenna |    645 |    574 |     71 |      0 |    205 |   7 |   92.1 |
       Cocytus |    445 |    445 |      0 |      0 |      0 |   7 |   63.6 |
      Tartarus |    833 |    797 |     36 |      0 |    225 |   7 |  119.0 |
           Zot |   4690 |   4182 |    508 |     25 |   3059 |   5 |  938.0 |
         Abyss |    197 |    197 |      0 |      0 |     75 |   4 |   49.2 |
   Pandemonium |   1820 |   1820 |      0 |      0 |    480 |  19 |   95.8 |
      Ziggurat |   2556 |   2556 |      0 |     19 |   1144 |  27 |   94.7 |
         Trove |     97 |     97 |      0 |      0 |     78 |   1 |   97.0 |
       Ossuary |    613 |    613 |      0 |     64 |    429 |   1 |  613.0 |
        Bailey |    474 |    474 |      0 |      0 |    344 |   1 |  474.0 |
      Ice Cave |    352 |    352 |      0 |    176 |     44 |   1 |  352.0 |
       Volcano |    712 |    712 |      0 |      9 |    365 |   1 |  712.0 |
      Gauntlet |    689 |    689 |      0 |     34 |    426 |   1 |  689.0 |
               +--------+--------+--------+--------+--------+-----+--------+

Top non-repeatable levels by time:
    D:14: 1953 daAuts
   Elf:2: 1598 daAuts
Vaults:2: 1571 daAuts
  Lair:1: 1547 daAuts
     D:4: 1533 daAuts
  Lair:5: 1529 daAuts
    D:11: 1488 daAuts
     D:9: 1482 daAuts
   Zot:5: 1456 daAuts
     D:2: 1396 daAuts
  Lair:4: 1374 daAuts
   Elf:3: 1304 daAuts
Vaults:3: 1279 daAuts
Vaults:4: 1271 daAuts
Vaults:1: 1263 daAuts
